Workbook

Sheet Instituições
A1: ID | B1: INSTITUIÇÃO | C1: TIPO DA INSTITUIÇÃO | D1: NOME DO ARQUIVO | E1: CONTRIBUIÇÃO NO FORMATO PADRÃO? (S/N)
A2: 1 | B2: Indústria Brasileira de Árvores (Ibá) | C2: Setor Privado | D2: 01 - Contribuição Indústria Brasileira de Árvores PNE 2055 | E2: S
A3: 2 | B3: Instituto Brasileiro de Mineração (IBRAM) | C3: Setor Privado | D3: 02 - Contribuição IBRAM Mineração do Brasil PNE 2055 | E3: N
A4: 3 | B4: Climate Finance Hub Brasil | C4: Organizações Sociais | D4: 03 - Contribuição Climate Finance Hub PNE 2055 | E4: N
A5: 4 | B5: Ocean Energy Pathway | C5: Organização Não Governamental (ONG) | D5: 04 - Contribuição Ocean Energy Pathway PNE 2055 | E5: S
A6: 5 | B6: Grupo de Estudos do Setor Elétrico (Gesel/UFRJ) | C6: Instituição de Pesquisa/Ensino | D6: 05 - Contribuição GESEL PNE 2055 | E6: S
A7: 6 | B7: Associação Interamericana para a Defesa do Meio Ambiente (AIDA) | C7: Organização Não Governamental (ONG) | D7: 06 - Contribuição Associação Interamericana para defesa do ambiente PNE 2055 | E7: S
A8: 7 | B8: Prumo Logística e Porto do Açu | C8: Setor Privado | D8: 07 - Contribuição Prumo Logística PNE 2055 | E8: N
A9: 8 | B9: Transportadora Associada de Gás (TAG) | C9: Setor Privado | D9: 08 - Contribuição TAG PNE 2055 | E9: S
A10: 9 | B10: Associação Brasileira de Geólogos do Petróleo (ABGP) | C10: Outros | D10: 09 - Contribuição ABGP PNE 2055 | E10: S
A11: 10 | B11: International Hydropower Association (IHA) | C11: Organizações Sociais | D11: 10 - Contribuição IHA PNE 2055 | E11: N
A12: 11 | B12: InovaReg Energia | C12: Setor Privado | D12: 11 - Contribuição InovaReg Energia PNE 2055 | E12: N
A13: 12 | B13: Petrobras | C13: Outros | D13: 12 - Contribuição Petrobras PNE 2055 | E13: S
... A38: 37 | B38: Fórum das Associações do Setor Elétrico (FASE) | C38: Não Informado | D38: 37 - Contribuição FASE PNE 2055 | E38: N

Sheet Análise das Contribuições
A1: # | B1: INSTITUIÇÃO | C1: CONTRIBUIÇÃO NO FORMATO PADRÃO? (S/N) | D1: ITEM DO CADERNO | E1: TEMA | F1: TEXTO ORIGINAL NA PUBLICAÇÃO DO PNE 2055 | G1: PROPOSTA / COMENTÁRIO DA INSTITUIÇÃO | H1: JUSTIFICATIVA | I1: ANÁLISE DA CONTRIBUIÇÃO | J1: ALTERA O CADERNO SÍNTESE OU OUTRO MATERIAL DO PNE 2055? (S/N) | K1: AVALIAÇÃO QUANTO A INCORPORAÇÃO EM CICLO FUTURO? (S/N)
A2: 01-01 | B2: Indústria Brasileira de Árvores (Ibá) | C2: =INDEX(Instituições!$B:$E,MATCH('Análise das Contribuições'!$B2,Instituições!$B:$B,0),MATCH('Análise das Contribuições'!$C$1,Instituições!$B$1:$XFD$1,0)) -> S | D2: Página 31 Bullet 2 | E2: Remoção de carbono | F2: A produção de bioenergia com captura e armazenamento de carbono (BECCS) e o biocarvão aplicado em cultivos energéticos ancoram a descarbonização de combustíveis e são complementos relevantes à substituição de combustíveis fósseis ao possibilitarem expansão energética com emissões negativas, compensando emissões residuais em setores de difícil abatimento. | G2: A produção de bioenergia com captura e armazenamento de carbono (BECCS), o biocarvão aplicado em cultivos energéticos e as soluções baseadas na natureza ancoram a descarbonização dos combustíveis e constituem vetores complementares da transição energética. Essas abordagens permitem a expansão da oferta energética com potencial de emissões negativas, combinando maturidade operacional, competitividade econômica e benefícios ambientais, e contribuem para a compensação de emissões residuais em setores de difícil abatimento, especialmente no contexto brasileiro. | H2: No eixo de remoções de carbono, o PNE 2055 prioriza majoritariamente soluções tecnológicas (CCS, BECCS, DAC), relevantes no médio e longo prazo, mas ainda com desafios de escala, custo e maturidade. Observa-se, contudo, a ausência de uma abordagem sobre as remoções naturais, que são soluções associadas ao manejo florestal sustentável, às florestas (plantadas e nativas) e à restauração, que representam, no contexto brasileiro, um dos principais vetores de remoção líquida de CO₂ no curto e médio prazo. Recomenda-se que o PNE 2055 incorpore explicitamente, mesmo que seja apenas em citação, a importância dessas soluções baseadas na natureza como componente estratégico, reconhecendo sua complementaridade com as soluções tecnológicas, que estão alinhadas às vantagens comparativas do país. | I2: Agradecemos a contribuição. Destaca-se que o PNE 2055 aborda as remoções de carbono sob a perspectiva de soluções tecnológicas, como CCS, BECCS e DACCS, por se tratarem de alternativas diretamente relacionadas ao setor energético e consideradas relevantes para sua descarbonização estrutural no longo prazo. Reconhece-se, entretanto, que as soluções baseadas na natureza são relevantes no contexto da agenda climática, cabendo destacar que melhores práticas agrícolas e de manejo podem potencializar ainda mais a eficiência da solução. Embora tais soluções não constituam o foco da análise desenvolvida nesta seção do plano, entende-se que possuem caráter complementar às soluções tecnológicas e podem desempenhar papel relevante na estratégia de transição para uma economia de baixo carbono. Nesse sentido, foi revisado o trecho da página 31 para "A produção de bioenergia com captura e armazenamento geológico de carbono (BECCS), bem como o acúmulo de carbono no solo agrícola por meio de melhores práticas de manejo e da aplicação de biocarvão, além de outras Soluções Baseadas na Natureza (SBN), contribui para a descarbonização dos combustíveis e complementa a substituição de fósseis ao possibilitar a expansão energética associada a emissões negativas. Essas soluções se consolidam como instrumentos relevantes para compensar emissões residuais em setores de difícil abatimento". Adicionalmente, foi incorporado o seguinte trecho na página 44: "De forma complementar, o setor de energia também pode investir em Soluções Baseadas na Natureza (SBN) para compensar parte de suas emissões". | J2: S | K2: S
A3: 01-02 | B3: Indústria Brasileira de Árvores (Ibá) | C3: =INDEX(Instituições!$B:$E,MATCH('Análise das Contribuições'!$B3,Instituições!$B:$B,0),MATCH('Análise das Contribuições'!$C$1,Instituições!$B$1:$XFD$1,0)) -> S | D3: Página 44 Bullet 2 | E3: Remoção de carbono | F3: Destaque especial para o potencial de remoção de carbono via BECCS, Biocarvão em cultivos energéticos e DACCS, alcançando até 144 Mt CO2eq que podem ser removidos da atmosfera em 2050. | G3: Destaque especial para o potencial de remoção de carbono via BECCS, biocarvão em cultivos energéticos e DACCS, estimado em até 144 MtCO₂e em 2050, sem contemplar o potencial adicional das soluções baseadas na natureza, ainda não quantificado. | H3: Considerando que a biomassa é a principal base renovável do sistema energético brasileiro, a não contabilização das remoções/soluções naturais associadas à sua produção tende a subestimar o potencial real de mitigação do país e limitar a integração entre energia, uso do solo e clima. Mesmo que seja apenas em uma citação no texto. | I3: Agradecemos a contribuição. Destaca-se que o PNE 2055 aborda as remoções de carbono sob a perspectiva de soluções tecnológicas, como CCS, BECCS e DACCS, por se tratarem de alternativas diretamente relacionadas ao setor energético e consideradas relevantes para sua descarbonização estrutural no longo prazo. Reconhece-se, entretanto, que as soluções baseadas na natureza são relevantes no contexto da agenda climática, cabendo destacar que melhores práticas agrícolas e de manejo podem potencializar ainda mais a eficiência da solução. Embora tais soluções não constituam o foco da análise desenvolvida nesta seção do plano, entende-se que possuem caráter complementar às soluções tecnológicas e podem desempenhar papel relevante na estratégia de transição para uma economia de baixo carbono. Nesse sentido, foi revisado o trecho da página 31 para "A produção de bioenergia com captura e armazenamento geológico de carbono (BECCS), bem como o acúmulo de carbono no solo agrícola por meio de melhores práticas de manejo e da aplicação de biocarvão, além de outras Soluções Baseadas na Natureza (SBN), contribui para a descarbonização dos combustíveis e complementa a substituição de fósseis ao possibilitar a expansão energética associada a emissões negativas. Essas soluções se consolidam como instrumentos relevantes para compensar emissões residuais em setores de difícil abatimento". Adicionalmente, foi incorporado o seguinte trecho na página 44: "De forma complementar, o setor de energia também pode investir em Soluções Baseadas na Natureza (SBN) para compensar parte de suas emissões". | J3: S | K3: S
A4: 01-03 | B4: Indústria Brasileira de Árvores (Ibá) | C4: =INDEX(Instituições!$B:$E,MATCH('Análise das Contribuições'!$B4,Instituições!$B:$B,0),MATCH('Análise das Contribuições'!$C$1,Instituições!$B$1:$XFD$1,0)) -> S | D4: Comentário geral | E4: Remoção de carbono | F4: N/A | G4: Considerando que o subcapítulo trata especificamente da captura e armazenamento geológico de CO₂ biogênico (BECCS), entende-se a ênfase nas soluções tecnológicas integradas ao sistema energético. No entanto, no contexto brasileiro, seria relevante registrar também o papel complementar das remoções naturais associadas à biomassa. O Brasil possui elevado potencial em soluções baseadas na natureza que constituem importantes vetores de remoção de carbono e estão diretamente relacionadas à base renovável do sistema energético nacional, especialmente à bioenergia e aos biocombustíveis. Assim, sugere-se que o plano ao menos reconheça essa complementaridade, evitando que a análise de remoções se restrinja exclusivamente às soluções tecnológicas. | I4: Agradecemos a contribuição. Destaca-se que o PNE 2055 aborda as remoções de carbono sob a perspectiva de soluções tecnológicas, como CCS, BECCS e DACCS, por se tratarem de alternativas diretamente relacionadas ao setor energético e consideradas relevantes para sua descarbonização estrutural no longo prazo. Reconhece-se, entretanto, que as soluções baseadas na natureza são relevantes no contexto da agenda climática, cabendo destacar que melhores práticas agrícolas e de manejo podem potencializar ainda mais a eficiência da solução. Embora tais soluções não constituam o foco da análise desenvolvida nesta seção do plano, entende-se que possuem caráter complementar às soluções tecnológicas e podem desempenhar papel relevante na estratégia de transição para uma economia de baixo carbono. Nesse sentido, foi revisado o trecho da página 31 para "A produção de bioenergia com captura e armazenamento geológico de carbono (BECCS), bem como o acúmulo de carbono no solo agrícola por meio de melhores práticas de manejo e da aplicação de biocarvão, além de outras Soluções Baseadas na Natureza (SBN), contribui para a descarbonização dos combustíveis e complementa a substituição de fósseis ao possibilitar a expansão energética associada a emissões negativas. Essas soluções se consolidam como instrumentos relevantes para compensar emissões residuais em setores de difícil abatimento". Adicionalmente, foi incorporado o seguinte trecho na página 44: "De forma complementar, o setor de energia também pode investir em Soluções Baseadas na Natureza (SBN) para compensar parte de suas emissões". | J4: S | K4: S
A5: 02-01 | B5: Instituto Brasileiro de Mineração (IBRAM) | C5: =INDEX(Instituições!$B:$E,MATCH('Análise das Contribuições'!$B5,Instituições!$B:$B,0),MATCH('Análise das Contribuições'!$C$1,Instituições!$B$1:$XFD$1,0)) -> N | D5: N/A | E5: Encargos e subsídios | F5: N/A | G5: (i) custos relativos entre tecnologias e rotas energéticas; | H5: A expansão acelerada de renováveis variáveis exige reforços de transmissão e mecanismos de flexibilidade. Caso tais custos não sejam adequadamente sinalizados e alocados, há risco de: • Elevação estrutural de TUST/TUSD; • Ampliação de encargos setoriais; • Perda de competitividade da indústria exportadora brasileira. Recomenda-se que o PNE incorpore análise explícita de impactos macroeconômicos e industriais associados à trajetória de expansão projetada. | I5: Agradecemos a contribuição. O PNE é um estudo de planejamento de longo prazo, com olhar até 2055, e com foco na composição das cadeias energéticas para o equilíbrio entre demanda e oferta de energia. Neste tipo de modelagem, destaca-se que foram representados dois níveis de atendimento da carga do sistema elétrico (ponta e energia) bem como a contribuição das fontes correlacionada a essas demandas. Além da disponibilidade de potência e energia das tecnologias, o gerenciamento dos excedentes de energia do sistema também é estimado a partir dos sistemas de armazenamento. Em termos de intercâmbios entre as principais regiões do país, estes foram representados, permitindo o melhor aproveitamento dos recursos regionais inclusive com possibilidade de expansão das capacidades existentes no ano de referência 2025. Cabe ressaltar que análises mais detalhadas sobre operação do sistema, sinalização locacional de custos, encargos setoriais e impactos tarifários exigem o uso de ferramentas com maior nível de granularidade temporal e espacial, típicas de estudos de médio e curto prazo, não sendo objeto central do PNE. Finalmente, é importante destacar que o plano também projeta um crescimento substancial da demanda de energia ao longo do horizonte, o que, por si só, implicará a necessidade de expansão significativa da infraestrutura de transmissão. Nesse sentido, embora a expansão das fontes renováveis variáveis seja um dos vetores relevantes para a necessidade de reforços e ampliação da rede, ela não constitui o único fator determinante. A expansão da transmissão decorre, em última instância, da necessidade de atendimento ao crescimento da carga, bem como da garantia de segurança, confiabilidade e eficiência operativa do sistema elétrico. Assim, os investimentos em transmissão refletem um conjunto mais amplo de condicionantes estruturais do sistema, não sendo possível atribuir sua evolução exclusivamente à inserção de renováveis variáveis. Dessa forma, entende-se que o nível de detalhamento proposto na contribuição extrapola o escopo analítico do PNE, não sendo incorporado ao documento. | J5: N | K5: N
A6: 02-02 | B6: Instituto Brasileiro de Mineração (IBRAM) | C6: =INDEX(Instituições!$B:$E,MATCH('Análise das Contribuições'!$B6,Instituições!$B:$B,0),MATCH('Análise das Contribuições'!$C$1,Instituições!$B$1:$XFD$1,0)) -> N | D6: N/A | E6: Descarbonização da indústria | F6: N/A | G6: 1.2 Rastreabilidade de Atributos Ambientais da Eletricidade Proposta Inserção de diretriz estratégica voltada à consolidação de arcabouço regulatório robusto de rastreabilidade de atributos ambientais da eletricidade (certificados, granularidade temporal e integridade sistêmica). | H6: A competitividade da indústria mineral e metalúrgica depende crescentemente da comprovação de baixo conteúdo de carbono na eletricidade utilizada (Escopo 2). Sem um sistema transparente, comparável internacionalmente e regulatoriamente seguro, há risco de: • Perda de valor agregado em mercados externos; • Dificuldade de internalização de prêmios verdes; • Insegurança contratual em PPAs de longo prazo. | I6: Agradecemos a contribuição. O PNE 2055 busca orientar estratégias na formulação de políticas setoriais, levando em conta os desafios e as oportunidades relacionadas à descarbonização e ao desenvolvimento sustentável. O pilar "Energia competitiva para uma economia de baixo carbono" traz recomendações estratégicas que vão na direção da rastreabilidade de atributos ambientais como condição para acesso a mercados e competitividade internacional. | J6: N | K6: N
A7: 02-03 | B7: Instituto Brasileiro de Mineração (IBRAM) | C7: =INDEX(Instituições!$B:$E,MATCH('Análise das Contribuições'!$B7,Instituições!$B:$B,0),MATCH('Análise das Contribuições'!$C$1,Instituições!$B$1:$XFD$1,0)) -> N | D7: N/A | E7: Integração territorial | F7: N/A | G7: (iii) escolhas de mitigação implícitas nos diferentes cenários, notadamente nos de maior ambição climática. | H7: A ausência de coordenação territorial pode gerar: • Descompasso entre oferta e demanda regional; • Subdimensionamento de corredores estruturantes; • Aumento do risco de restrição operacional. A integração entre planejamento energético e política industrial deve ser tratada como vetor estratégico de longo prazo. | I7: Agradecemos a contribuição. No âmbito do PNE, as análises relativas à expansão da infraestrutura de transmissão são realizadas com nível de agregação compatível com o horizonte de longo prazo do estudo. Um detalhamento mais acurado da malha de transmissão, incluindo a definição de corredores estruturantes e sua articulação territorial específica, requer a utilização de ferramentas com maior granularidade temporal e espacial, típicas de estudos de médio e curto prazo. Ainda assim, cabe destacar que a avaliação da transmissão no PNE incorpora sinais de localização relevantes, ao considerar explicitamente a distribuição regional da geração e, principalmente, das demandas projetadas nos diferentes subsistemas do SIN, bem como os intercâmbios entre essas regiões. Foram considerados os mesmos subsistemas adotados nos estudos do PDE e foram considerados dois patamares de carga (ponta e energia) e a contribuição de cada fonte nesses patamares. A oferta de geração respeitou para cada tecnologia sua disponibilidade regional e potencial mapeado conforme o Caderno de Potencial dos Recursos Energéticos do PNE 2055. | J7: N | K7: N
A8: 03-01 | B8: Climate Finance Hub Brasil | C8: =INDEX(Instituições!$B:$E,MATCH('Análise das Contribuições'!$B8,Instituições!$B:$B,0),MATCH('Análise das Contribuições'!$C$1,Instituições!$B$1:$XFD$1,0)) -> N | D8: Página 10 | E8: Financiamento da transição | F8: O documento afirma que o PNE busca apoiar a construção de um sistema energético descarbonizado alinhado às políticas climáticas nacionais. | G8: Adicionalmente, sugere-se que o documento apresente, ao menos em caráter qualitativo ou conceitual, quais hipóteses de precificação de carbono ou de funcionamento de um mercado regulado seriam particularmente relevantes para análises de sensibilidade em ciclos futuros do planejamento energético, indicando de que forma tais instrumentos poderiam alterar as trajetórias observadas nos cenários atualmente apresentados. | H8: Apesar desse reconhecimento, o documento não apresenta: • estimativas de investimento associadas aos cenários • análise da estrutura de financiamento necessária para viabilizar a transição • discussão sobre instrumentos financeiros disponíveis Essa ausência reduz a capacidade do plano de orientar decisões de investimento e de apoiar a mobilização de capital para a transição energética. | I8: Agradecemos a contribuição. As estimativas de investimento associadas aos cenários energéticos de longo prazo são apresentadas nas páginas 45 e 46 do Caderno Síntese "Rumo a 2055: Perspectivas para o Sistema Energético Nacional do Futuro". Reconhecemos, porém, a relevância de se avançar em estudos de precificação de carbono e de estrutura de financiamento. Nesse sentido, foi incorporada nota de rodapé na página 43 do documento contendo o seguinte texto: "Com a plena implementação do Sistema Brasileiro de Comércio de Emissões (SBCE) – não incorporada neste estudo – são esperadas alterações nos custos relativos entre tecnologias e rotas energéticas, incentivando as menos emissoras, bem como receitas governamentais que podem ser alocadas para acelerar a transição energética". Por fim, ressalta-se que aprimoramentos futuros podem ser assumidos em ciclos subsequentes ou em estudos complementares. | J8: S | K8: S
A9: 03-02 | B9: Climate Finance Hub Brasil | C9: =INDEX(Instituições!$B:$E,MATCH('Análise das Contribuições'!$B9,Instituições!$B:$B,0),MATCH('Análise das Contribuições'!$C$1,Instituições!$B$1:$XFD$1,0)) -> N | D9: Página 17 | E9: Financiamento da transição | F9: O documento identifica políticas públicas, governança e financiamento como uma das dimensões-chave da construção dos cenários energéticos. | G9: Sugere-se incluir no PNE uma análise sobre: Arquiteturas de financiamento associadas aos diferentes cenários de transição energética. Essa análise poderia considerar: • disponibilidade de financiamento doméstico • acesso a financiamento internacional • custo de capital para tecnologias energéticas • estabilidade regulatória e percepção de risco | H9: Apesar de aparecer como dimensão estruturante dos cenários, o financiamento: • não é modelado explicitamente • não aparece como restrição econômica • não influencia a dinâmica de expansão tecnológica Assim, os cenários energéticos acabam assumindo implicitamente que os investimentos necessários estarão disponíveis. | I9: Agradecemos a contribuição. A evolução do financiamento para a transição energética é uma das incertezas consideradas na construção dos cenários energéticos do PNE 2055, conforme apresentado no Caderno de Cenários Energéticos. Por se tratar de uma incerteza, as diferentes hipóteses relacionadas à disponibilidade de recursos financeiros, à diversificação das fontes de financiamento, ao acesso a capital nacional e internacional e ao custo de capital foram incorporadas à lógica de construção dos cenários prospectivos, conforme evidenciado na Matriz Morfológica (página 46 do referido caderno). Dessa forma, os cenários energéticos não pressupõem que os investimentos necessários estarão disponíveis de maneira uniforme em todos os futuros considerados. Ao contrário, as diferentes condições de financiamento constituem elementos que diferenciam os cenários e influenciam as trajetórias de transição energética representadas em cada um deles. Por fim, ressalta-se que estudos complementares sobre financiamento da transição energética podem ser desenvolvidos pela EPE, em alinhamento com o MME. Nesse contexto, a EPE publicou recentemente o Caderno de Financiamento para a Transição Energética, que apresenta um panorama do financiamento público e publicamente orientado para tecnologias de baixa emissão de carbono no Brasil. | J9: N | K9: N
A10: 03-03 | B10: Climate Finance Hub Brasil | C10: =INDEX(Instituições!$B:$E,MATCH('Análise das Contribuições'!$B10,Instituições!$B:$B,0),MATCH('Análise das Contribuições'!$C$1,Instituições!$B$1:$XFD$1,0)) -> N | D10: Página 19 | E10: Financiamento da transição | F10: O documento identifica corretamente uma incerteza central: Como evoluirá o financiamento para transição energética no Brasil? | G10: Sugere-se a elaboração de cenários financeiros para a transição energética, por exemplo: • Cenário de financiamento restrito: a transição energética ocorre com disponibilidade limitada de capital, dependência predominante de recursos públicos e expansão mais lenta de tecnologias de baixo carbono. • Cenário de financiamento híbrido: a transição energética é viabilizada por uma combinação de financiamento público e privado, com participação relevante de bancos de desenvolvimento, mercado de capitais e parcerias público-privadas. • Cenário de mobilização massiva de capital: a transição energética é acelerada pela ampla mobilização de capital doméstico e internacional, com forte participação de investidores privados, financiamento climático e redução do custo de capital. Essa abordagem permitiria avaliar como o financiamento pode acelerar ou limitar a transição energética. | H10: Embora a pergunta seja corretamente colocada, o documento não desenvolve: • cenários de financiamento • implicações econômicas dessa incerteza • estratégias para mitigação do risco de financiamento | I10: Agradecemos a contribuição. A evolução do financiamento para a transição energética é uma das incertezas consideradas na construção dos cenários energéticos do PNE 2055, conforme apresentado no Caderno de Cenários Energéticos. Por se tratar de uma incerteza, as diferentes hipóteses relacionadas à disponibilidade de recursos financeiros, à diversificação das fontes de financiamento, ao acesso a capital nacional e internacional e ao custo de capital foram incorporadas à lógica de construção dos cenários prospectivos, conforme evidenciado na Matriz Morfológica (página 46 do referido caderno). Nesse contexto, foram considerados três estados possíveis para a incerteza relacionada à evolução do financiamento para a transição energética: (i) Insuficiente e inadequado, com pouca diversificação das fontes; (ii) Suficiente e adequado, com custo de capital no padrão atual e com fontes de financiamento diversificadas (privado, público, internacional, mercado de carbono etc.); (iii) Suficiente e adequado, com menor custo de capital e com fontes de financiamento diversificadas (privado, público, internacional, mercado de carbono etc.). Dessa forma, os cenários energéticos não pressupõem que os investimentos necessários estarão disponíveis de maneira uniforme em todos os futuros considerados. Ao contrário, as diferentes condições de financiamento constituem elementos que diferenciam os cenários e influenciam as trajetórias de transição energética representadas em cada possibilidade de futuro. A proposta apresentada guarda convergência com a abordagem adotada pelo PNE 2055, na medida em que explora diferentes condições de financiamento para a transição energética. Contudo, no âmbito do plano, essas condições são tratadas como uma das incertezas estruturantes que influenciam a construção dos cenários energéticos, e não como objeto de cenarização específica e independente. Por fim, cabe ressaltar que o objeto central da cenarização do PNE 2055 é a evolução do sistema energético nacional. Ainda assim, reconhece-se a relevância do tema e o potencial de aprofundamento de análises específicas sobre financiamento da transição energética em estudos complementares. | J10: N | K10: N
A11: 03-04 | B11: Climate Finance Hub Brasil | C11: =INDEX(Instituições!$B:$E,MATCH('Análise das Contribuições'!$B11,Instituições!$B:$B,0),MATCH('Análise das Contribuições'!$C$1,Instituições!$B$1:$XFD$1,0)) -> N | D11: Página 15 | E11: Financiamento da transição | F11: O documento reconhece algumas limitações metodológicas relevantes, incluindo: • ausência de estimativas de impactos socioeconômicos • falta de modelagem de mercados de carbono • ausência de custos da inação climática. | G11: Sugere-se que futuras versões do PNE considerem: • diferenciação de custo de capital entre tecnologias • restrições de investimento anual • integração com modelos macroeconômicos. | H11: Um elemento adicional que poderia ser explicitado é a ausência de representação do custo de capital e das restrições financeiras no modelo energético. Essa limitação é relevante porque: • diferentes tecnologias possuem custos de capital distintos • o custo de financiamento influencia a competitividade tecnológica • gargalos financeiros podem limitar a expansão de determinadas soluções energéticas | I11: Agradecemos a contribuição. Reconhecemos a relevância de se avançar em estudos que aprofundem os temas mencionados na contribuição. Nesse sentido, aprimoramentos futuros podem ser assumidos em ciclos subsequentes ou em estudos complementares. | J11: N | K11: N
A12: 03-05 | B12: Climate Finance Hub Brasil | C12: =INDEX(Instituições!$B:$E,MATCH('Análise das Contribuições'!$B12,Instituições!$B:$B,0),MATCH('Análise das Contribuições'!$C$1,Instituições!$B$1:$XFD$1,0)) -> N | D12: Página 20 | E12: Financiamento da transição | F12: O cenário Transição Net Zero 2050 considera uma trajetória de crescimento econômico baseada em transformação estrutural da economia e fortalecimento da indústria nacional. | G12: Sugere-se incluir uma seção sobre: “Financiamento da industrialização verde e cadeias da transição energética.” Essa seção poderia abordar investimentos em: • hidrogênio de baixo carbono • bioenergia avançada • eletrificação industrial • captura e armazenamento de carbono | H12: O documento não detalha: • os instrumentos financeiros necessários para viabilizar essa transformação • o papel do sistema financeiro nacional • mecanismos para atração de capital internacional. | I12: Agradecemos a contribuição. O PNE 2055 busca servir de base para a construção de caminhos flexíveis de futuro para o país e, nesse contexto, reconhece a relevância das questões relacionadas ao financiamento da transição energética. Nesse sentido, o plano contempla, entre seus objetivos estratégicos, a atração de investimentos para o desenvolvimento do sistema energético do futuro, por meio da modernização do arcabouço regulatório e do fortalecimento dos mecanismos de financiamento. A sugestão apresentada pode ser entendida como alinhada e abrangida pelas recomendações estratégicas do plano relacionadas ao "desenvolvimento integrado de desenhos de mercado, marcos regulatórios e instrumentos de financiamento que orientem investimentos para uma transição justa e inclusiva" e à "diversificação e fortalecimento dos meios de financiamento público e privado para fomentar tecnologias de baixo carbono e potencializar seus impactos no desenvolvimento sustentável". Cabe destacar que o PNE 2055 possui caráter estratégico e abrangente, voltado à análise de futuros possíveis para o sistema energético nacional. Dessa forma, embora reconheça a importância de temas como instrumentos financeiros, papel do sistema financeiro nacional, atração de capital internacional e financiamento de cadeias produtivas associadas à transição energética, o plano não se propõe a detalhar mecanismos específicos de financiamento para cada tecnologia ou segmento econômico. Adicionalmente, a evolução do financiamento para a transição energética foi considerada como uma das incertezas relevantes na construção dos cenários energéticos de longo prazo, influenciando as diferentes trajetórias de transição analisadas. Aspectos relacionados à disponibilidade de capital, diversificação das fontes de financiamento e custo de capital foram incorporados à lógica prospectiva dos cenários, ainda que não constituam objeto de análise específica ou de modelagem dedicada. Por fim, reconhece-se a relevância do aprofundamento de temas relacionados ao financiamento da industrialização verde e das cadeias produtivas associadas à transição energética brasileira. Nesse contexto, a EPE publicou recentemente o Caderno de Financiamento para a Transição Energética, que apresenta um panorama do financiamento público e publicamente orientado para tecnologias de baixa emissão de carbono no Brasil. | J12: N | K12: N
A13: 03-06 | B13: Climate Finance Hub Brasil | C13: =INDEX(Instituições!$B:$E,MATCH('Análise das Contribuições'!$B13,Instituições!$B:$B,0),MATCH('Análise das Contribuições'!$C$1,Instituições!$B$1:$XFD$1,0)) -> N | D13: Páginas 7 a 10 | E13: Financiamento da transição | F13: O documento menciona o alinhamento com compromissos climáticos internacionais, mas não analisa explicitamente o papel do Brasil na mobilização de financiamento climático global. | G13: Sugere-se incluir análise sobre: O papel do Brasil na arquitetura global de financiamento da transição energética. Essa discussão seria particularmente relevante no contexto: • da liderança brasileira na agenda climática • da COP30 • dos avanços da política climática brasileira, com a taxonomia sustentável, o Plano Clima, o Sistema Brasileiro de Comércio de Emissões (SBCE), dentre outros • da crescente demanda por investimentos em energia limpa. | H13: Não há discussão sobre: • financiamento climático internacional • bancos multilaterais de desenvolvimento • fundos climáticos globais • mercados (inter)nacionais de carbono | I13: Agradecemos a contribuição. O PNE 2055 busca servir de base para a construção de caminhos flexíveis de futuro para o país e, nesse contexto, reconhece a relevância das questões relacionadas ao financiamento da transição energética. Nesse sentido, o plano contempla, entre seus objetivos estratégicos, a atração de investimentos para o desenvolvimento do sistema energético do futuro, por meio da modernização do arcabouço regulatório e do fortalecimento dos mecanismos de financiamento. A sugestão apresentada pode ser entendida como alinhada e abrangida pelas recomendações estratégicas do plano relacionadas ao "desenvolvimento integrado de desenhos de mercado, marcos regulatórios e instrumentos de financiamento que orientem investimentos para uma transição justa e inclusiva" e à "diversificação e fortalecimento dos meios de financiamento público e privado para fomentar tecnologias de baixo carbono e potencializar seus impactos no desenvolvimento sustentável". Cabe destacar que o PNE 2055 possui caráter estratégico e abrangente, voltado à análise de futuros possíveis para o sistema energético nacional. Dessa forma, embora reconheça a importância de temas como financiamento climático internacional, bancos multilaterais de desenvolvimento, fundos climáticos, mercados de carbono e o papel do Brasil na mobilização de investimentos para a transição energética, o plano não se propõe a detalhar mecanismos específicos de financiamento e governança climática internacional. Adicionalmente, a evolução do financiamento para a transição energética foi considerada como uma das incertezas relevantes na construção dos cenários energéticos de longo prazo, influenciando as diferentes trajetórias de transição analisadas. Aspectos relacionados à disponibilidade de capital, à diversificação das fontes de financiamento, ao acesso a recursos nacionais e internacionais e ao custo de capital foram incorporados à lógica prospectiva dos cenários, ainda que não constituam objeto de análise específica ou de modelagem dedicada. Por fim, reconhece-se a relevância do aprofundamento de temas relacionados ao posicionamento do Brasil na arquitetura global de financiamento climático e à mobilização de recursos para a transição energética. Nesse contexto, a EPE publicou recentemente o Caderno de Financiamento para a Transição Energética, que apresenta um panorama do financiamento público e publicamente orientado para tecnologias de baixa emissão de carbono no Brasil. | J13: N | K13: N
A14: 04-01 | B14: Ocean Energy Pathway | C14: =INDEX(Instituições!$B:$E,MATCH('Análise das Contribuições'!$B14,Instituições!$B:$B,0),MATCH('Análise das Contribuições'!$C$1,Instituições!$B$1:$XFD$1,0)) -> S | D14: Páginas 33 e 47 | E14: Tecnologias emergentes | F14: N/A | G14: Eólica onshore e offshore tratadas de forma agrupada sob "Renováveis". Tecnologia de fundação fixa classificada como emergente de baixo TRL junto a outras tecnologias pré-comerciais. • Incluir explicitamente a eólica offshore como tecnologia relevante e estratégica para a matriz elétrica brasileira. • Tratar eólica onshore e offshore separadamente, reconhecendo suas distintas cadeias produtivas, logísticas e regulatórias. • Ajustar a classificação de maturidade (TRL) da eólica offshore de fundação fixa, reconhecendo seu estágio comercial já consolidado internacionalmente. | H14: Eólica onshore e offshore são indústrias fundamentalmente distintas. A eólica de fundação fixa ultrapassa 75 GW instalados globalmente e opera em estágio de plena comercialização. Classificá-la como tecnologia emergente de baixo TRL distorce o diagnóstico de risco tecnológico e pode criar barreiras artificiais ao planejamento e ao investimento no Brasil. | I14: Agradecemos a contribuição. O PNE 2055 busca servir de base para a construção de caminhos flexíveis de futuro para o país, sem indicação preferencial de rotas, tecnologias ou cadeias produtivas específicas. Nesse contexto, o plano adota uma abordagem agregada para a representação de determinadas tecnologias. Adicionalmente, tecnologias ainda incipientes no mercado brasileiro tendem a ganhar participação em cenários de maior ambição climática, o que pode incluir diferentes configurações de aproveitamento eólico offshore. Em relação ao grau de maturidade tecnológica, o IEA ETP Clean Energy Technology Guide classifica tanto as turbinas eólicas offshore de fundação fixa quanto as turbinas eólicas offshore flutuantes em nível de comercialização e difusão. Tal entendimento está refletido na representação agregada de “renováveis offshore” apresentada na figura da página 47 do Caderno Síntese do PNE 2055. Cabe destacar, contudo, que o enquadramento de determinadas tecnologias como emergentes no contexto do plano está associado principalmente ao seu estágio de inserção e desenvolvimento no mercado brasileiro, e não necessariamente ao seu nível de maturidade tecnológica em âmbito internacional. Dessa forma, não se pretende caracterizar a eólica offshore de fundação fixa como uma tecnologia pré-comercial ou de baixo TRL, mas sim evidenciar seu caráter ainda incipiente no contexto nacional. Por fim, informações mais detalhadas sobre a oferta de tecnologias específicas serão disponibilizadas posteriormente por meio da ferramenta interativa associada ao PNE 2055. De todo modo, foi incorporado ajuste textual na página 45 para reforçar que o enquadramento de tecnologias emergentes no contexto do plano está associado ao seu estágio no mercado brasileiro. | J14: S | K14: N
A15: 04-02 | B15: Ocean Energy Pathway | C15: =INDEX(Instituições!$B:$E,MATCH('Análise das Contribuições'!$B15,Instituições!$B:$B,0),MATCH('Análise das Contribuições'!$C$1,Instituições!$B$1:$XFD$1,0)) -> S | D15: Página 15 | E15: Modelo integrado | F15: N/A Alta dependência de premissas: mudanças em hipóteses relacionadas a custos, política, crescimento econômico, comportamento e disponibilidade tecnológica podem alterar os resultados da otimização do modelo integrado. | G15: • Tornar explícitas as premissas do modelo de expansão, incluindo as restrições aplicadas à função objetivo e os critérios utilizados para selecionar tecnologias candidatas. • Disponibilizar publicamente os critérios de seleção tecnológica, garantindo maior transparência e rastreabilidade das decisões do planejamento energético. | H15: A transparência metodológica é condição para a credibilidade e legitimidade do planejamento energético de longo prazo. Sem acesso às restrições aplicadas ao modelo de otimização, agentes públicos e privados não conseguem avaliar se eventuais ausências de tecnologias competitivas, como a eólica offshore, decorrem de premissas técnicas ou de limitações metodológicas não declaradas. | I15: Agradecemos a contribuição. Reconhecemos a importância da transparência metodológica para a adequada compreensão dos resultados do planejamento energético de longo prazo. Nesse sentido, os cadernos que compõem o plano apresentam informações sobre os cenários, premissas e condicionantes considerados nas análises prospectivas. Adicionalmente, documentação metodológica complementar sobre o modelo integrado utilizado no PNE 2055, incluindo informações sobre sua estrutura, premissas e critérios de representação tecnológica, será disponibilizada posteriormente. Essa iniciativa visa ampliar a transparência e a rastreabilidade dos resultados apresentados no plano. | J15: N | K15: N
A16: 04-03 | B16: Ocean Energy Pathway | C16: =INDEX(Instituições!$B:$E,MATCH('Análise das Contribuições'!$B16,Instituições!$B:$B,0),MATCH('Análise das Contribuições'!$C$1,Instituições!$B$1:$XFD$1,0)) -> S | D16: Páginas 11 e 53 | E16: Eólicas offshore | F16: N/A Referências ao arcabouço regulatório sem menção específica ao marco legal da geração eólica offshore e às discussões regulatórias setoriais em andamento. | G16: • Incluir referência explícita ao marco regulatório da eólica offshore (Lei nº 15.097/2025 – Eólicas Offshore) e às discussões regulatórias em curso nos órgãos competentes. • Alinhar o planejamento energético de longo prazo com a evolução do arcabouço regulatório setorial, assegurando coerência entre política energética e regulação. | H16: A Lei 15.097/2025 estabelece o marco legal da geração eólica offshore no Brasil. A ausência de referência ao marco legal pode reduzir a coerência entre planejamento energético e evolução regulatória do setor. O alinhamento entre planejamento e regulação reduz incertezas institucionais, fortalece a segurança jurídica para investidores e contribui para a efetividade das políticas públicas. | I16: Agradecemos a contribuição. O marco legal da geração eólica offshore no Brasil já está incorporado ao PNE 2055 e encontra-se mencionado especificamente na página 55 do Caderno Síntese "Rumo a 2055: Perspectivas para o Sistema Energético Nacional do Futuro". Dessa forma, a contribuição é considerada atendida. | J16: N | K16: N
... A48: 06-29 | B48: Associação Interamericana para a Defesa do Meio Ambiente (AIDA) | C48: =INDEX(Instituições!$B:$E,MATCH('Análise das Contribuições'!$B48,Instituições!$B:$B,0),MATCH('Análise das Contribuições'!$C$1,Instituições!$B$1:$XFD$1,0)) -> S | D48: Página 52 | E48: Estratégia | F48: Objetivo 2: Acelerar a descarbonização na produção e no consumo de energia, com competitividade e sustentabilidade (...) Promoção da bioenergia e da eletrificação nos segmentos de uso final, sobretudo nos de difícil abatimento, considerando a viabilidade de cada solução. | G48: O texto proposto em azul: Objetivo 2: Acelerar a descarbonização na produção e no consumo de energia, com competitividade e sustentabilidade (...) Promoção da bioenergia e da eletrificação nos segmentos de uso final, sobretudo nos de difícil abatimento, considerando a viabilidade técnica, socioambiental e climática de cada solução. | H48: Não se especifica que a utilização das fontes de energia deve sempre estar condicionada a uma avaliação dos impactos associados à sua cadeia de valor sobre as comunidades, os ecossistemas e o clima. | I48: Contribuição aceita. O trecho "viabilidade técnica, socioambiental e climática" foi incorporado à quarta recomendação estratégica associada ao Objetivo 2: Acelerar a descarbonização na produção e no consumo de energia, com competitividade e sustentabilidade. De forma complementar, incorporou-se também o termo "econômica" ao trecho. | J48: S | K48: N
A49: 07-01 | B49: Prumo Logística e Porto do Açu | C49: =INDEX(Instituições!$B:$E,MATCH('Análise das Contribuições'!$B49,Instituições!$B:$B,0),MATCH('Análise das Contribuições'!$C$1,Instituições!$B$1:$XFD$1,0)) -> N | D49: N/A | E49: Eólicas offshore | F49: N/A | G49: Estudo da Lazard (2025) indica que a eólica offshore apresenta atualmente custos superiores aos das fontes renováveis mais maduras, como solar utility-scale e eólica onshore, tendo um LCOE entre US$ 70/MWh e US$ 157/MWh, dependendo de premissas como custo de capital, condições de financiamento, profundidade da instalação e fatores de capacidade. Embora essa faixa ainda esteja acima das tecnologias renováveis mais consolidadas, a experiência internacional mostra que reduções de custo tendem a ocorrer de forma significativa à medida que o mercado ganha escala, impulsionadas por ganhos industriais, padronização de equipamentos, evolução tecnológica das turbinas e maior maturidade da cadeia de suprimentos. Além disso, o custo da eólica offshore é particularmente sensível ao custo de capital, o que reforça a importância de um ambiente regulatório estável e de instrumentos de financiamento adequados para viabilizar projetos em novos mercados. Quando considerados atributos sistêmicos relevantes — como maior fator de capacidade, perfil de geração complementar à solar, maior previsibilidade e proximidade de grandes centros de carga —, a eólica offshore pode desempenhar papel estratégico na expansão da matriz elétrica brasileira e na diversificação das fontes de geração de baixo carbono no longo prazo. | I49: Agradecemos a contribuição. O PNE 2055 reconhece o potencial da geração eólica offshore e a possibilidade de que essa tecnologia venha a desempenhar papel relevante na expansão da matriz elétrica brasileira ao longo das próximas décadas, especialmente em cenários de maior ambição climática. Nos exercícios quantitativos do plano, foram utilizadas curvas de custo para as diferentes tecnologias do setor elétrico consistentes com as premissas e narrativas de cada cenário. Aspectos como evolução tecnológica, ganhos de escala, condições de financiamento, custos de capital e metas de redução de emissões são refletidos de maneira diferenciada em cada trajetória prospectiva analisada. Nesse contexto, os cenários exploram diferentes possibilidades de inserção da geração eólica offshore, sem pressupor uma trajetória única para sua expansão. | J49: N | K49: N
A50: 08-01 | B50: Transportadora Associada de Gás (TAG) | C50: =INDEX(Instituições!$B:$E,MATCH('Análise das Contribuições'!$B50,Instituições!$B:$B,0),MATCH('Análise das Contribuições'!$C$1,Instituições!$B$1:$XFD$1,0)) -> S | D50: Página 25 | E50: Pobreza energética | F50: No setor residencial, o combate à pobreza energética tem um papel fundamental como vetor de eficiência energética, através da substituição das fontes de cocção de alimentos tradicionais, como lenha e carvão vegetal, por fontes modernas, como o GLP e a eletricidade. | G50: No setor residencial, o combate à pobreza energética tem um papel fundamental como vetor de eficiência energética, através da substituição das fontes de cocção de alimentos tradicionais, como lenha e carvão vegetal, por fontes modernas, como o Gás Natural canalizado, GLP e a eletricidade. | H50: Recomenda-se citar o Gás Natural canalizado como combustível moderno, dada a sua maior complexidade e segurança, se comparados ao GLP, citado no texto. Sob a ótica do combate à pobreza energética, o gás natural precisa ser citado junto aos energéticos com possibilidade de substituir a queima de lenha na cocção de alimentos, ao lado do GLP e da eletricidade, tratados como fontes modernas de energia, na página 25 da minuta. Com a elevação esperada do poder aquisitivo da população brasileira nos próximos anos, entende-se que que o gás natural canalizado pode ser também uma alternativa relevante no combate à pobreza energética. Essa sugestão se apoia nos conhecidos programas de moradias sociais, como o Minha Casa, Minha Vida, nos quais as moradias são entregues com fornecimento de gás natural canalizado, dada a segurança deste fornecimento, em comparação ao GLP. | I50: Agradecemos a contribuição. Estudos relacionados à promoção do acesso ao cozimento limpo, incluindo aqueles que subsidiam o PNE 2055, consideram o gás natural canalizado como integrante do conjunto de combustíveis e tecnologias limpos para cocção, em linha com os critérios utilizados internacionalmente para avaliação do acesso a serviços energéticos modernos. Ressalta-se, contudo, que a análise da evolução histórica do consumo energético residencial no Brasil evidencia que a principal substituição das fontes tradicionais de cocção, como lenha e carvão vegetal, ocorre por meio do GLP e da eletricidade. Esse movimento reflete, entre outros fatores, a ampla capilaridade dessas alternativas em comparação ao gás natural canalizado, cuja expansão depende da disponibilidade de infraestrutura específica e permanece concentrada em determinadas regiões do país. Adicionalmente, o PNE 2055 considera que tendências como o aumento da renda da população, a concentração demográfica em áreas urbanas e a verticalização das cidades podem favorecer uma maior participação do gás natural e da eletricidade na matriz energética residencial ao longo do horizonte de análise. Entretanto, no contexto específico do combate à pobreza energética, a substituição da lenha e do carvão vegetal por GLP e eletricidade continua sendo o principal vetor identificado para a ampliação do acesso a formas modernas de energia para cocção. Dessa forma, optou-se por manter a redação original do texto. | J50: N | K50: N
A51: 08-02 | B51: Transportadora Associada de Gás (TAG) | C51: =INDEX(Instituições!$B:$E,MATCH('Análise das Contribuições'!$B51,Instituições!$B:$B,0),MATCH('Análise das Contribuições'!$C$1,Instituições!$B$1:$XFD$1,0)) -> S | D51: Página 29 | E51: Demanda industrial | F51: N/A | G51: O carvão mineral não foi incluído nos cenários energéticos devido à sua alta intensidade de emissões e à disponibilidade de alternativas mais alinhadas à transição energética. O gás natural, por sua flexibilidade, menor fator de emissão e compatibilidade futura com tecnologias de captura e armazenamento de carbono (CCS), é adotado como principal substituto do carvão na matriz industrial, funcionando também como combustível da transição para outras alternativas de baixo carbono, como biomassa, biometano, eletrificação e hidrogênio. | H51: Recomenda-se reduzir ou eliminar a participação de carvão mineral nos cenários industriais, substituindo-o por gás natural e outras alternativas de menor intensidade de carbono, que oferecem trajetórias mais compatíveis com os pilares de descarbonização, competitividade e transição justa estabelecidos para o PNE 2055. O carvão mineral é o energético de maior intensidade de emissões e sua permanência é incompatível com os pilares estratégicos do PNE 2055, que priorizam competitividade em baixo carbono, resiliência climática e redução das emissões industriais. O próprio documento indica alternativas maduras para substituir o carvão, além de reforçar a necessidade de descarbonizar setores industriais. Manter o carvão nos cenários aumenta o custo futuro da transição, contraria tendências globais e reduz a competitividade das cadeias produtivas brasileiras em mercados internacionais de baixo carbono. | I51: Agradecemos a contribuição. Esclarecemos que o PNE 2055 adota uma abordagem de modelagem integrada do sistema energético, na qual diferentes fontes e tecnologias são avaliadas de forma conjunta, considerando aspectos como disponibilidade de recursos, custos, maturidade tecnológica, segurança energética e metas de descarbonização. Nesse contexto, os cenários prospectivos indicam uma redução da participação do carvão mineral em trajetórias de maior ambição climática. Entretanto, os resultados também indicam que a substituição do carvão mineral apresenta desafios relevantes em determinados segmentos industriais, especialmente na siderurgia. Dessa forma, embora fontes como gás natural, biomassa, biometano, eletrificação e hidrogênio possam ampliar sua participação ao longo do horizonte analisado, a eliminação completa do carvão mineral até 2055 não se apresenta nos cenários avaliados. Cabe destacar ainda que o PNE 2055 não possui caráter determinativo, buscando explorar diferentes futuros possíveis para o sistema energético nacional sem estabelecer metas mandatórias ou definir rotas tecnológicas específicas. No setor elétrico, por exemplo, a expansão de novas usinas a carvão mineral foi considerada apenas em configurações associadas à captura e armazenamento de carbono (CCS), refletindo os desafios de compatibilização dessa fonte com objetivos de descarbonização. Dessa forma, optou-se por manter a redação original, uma vez que os cenários do PNE 2055 já incorporam uma redução gradual da participação do carvão mineral. | J51: N | K51: N
A52: 08-03 | B52: Transportadora Associada de Gás (TAG) | C52: =INDEX(Instituições!$B:$E,MATCH('Análise das Contribuições'!$B52,Instituições!$B:$B,0),MATCH('Análise das Contribuições'!$C$1,Instituições!$B$1:$XFD$1,0)) -> S | D52: Página 30 | E52: Descarbonização dos transportes | F52: N/A | G52: O gás natural também é uma alternativa de transição para o transporte pesado, por apresentar menor intensidade de emissões que o diesel e permitir redução imediata de poluentes locais, além de ser compatível com rotas futuras de uso de biometano e hidrogênio. | H52: Considerar explicitamente o gás natural como vetor de transição no transporte de cargas. O transporte pesado possui menos alternativas imediatas de descarbonização. O gás natural oferece redução relevante de emissões quando comparado ao diesel, melhora da qualidade do ar urbano, rápida aplicabilidade e sinergia com o biometano. Além disso, sua infraestrutura permite integração com o hidrogênio no longo prazo, alinhando o setor aos objetivos do PNE 2055. | I52: Agradecemos a contribuição. O gás natural, incluindo o GNL, é considerado no PNE 2055 entre as alternativas energéticas para o setor de transportes, em conjunto com outras rotas de descarbonização e diversificação da matriz. O biometano e o hidrogênio também são considerados no estudo, de acordo com suas possibilidades de inserção no horizonte de longo prazo. | J52: N | K52: N
A53: 08-05 | B53: Transportadora Associada de Gás (TAG) | C53: =INDEX(Instituições!$B:$E,MATCH('Análise das Contribuições'!$B53,Instituições!$B:$B,0),MATCH('Análise das Contribuições'!$C$1,Instituições!$B$1:$XFD$1,0)) -> S | D53: Página 33 | E53: Gás natural | F53: Com a evolução da composição da matriz elétrica, tanto as hidrelétricas, como a oferta de gás natural através de térmicas flexíveis, equilibram o balanço oferta e demanda, agregando resiliência ecapacidade para o SIN. | G53: Com a evolução da composição da matriz elétrica, tanto as hidrelétricas, como a oferta de gás natural através de térmicas flexíveis, equilibram o balanço oferta e demanda, agregando resiliência e capacidade para o SIN. O gás natural é a principal fonte térmica de baixa emissão para garantir flexibilidade e segurança do SIN, com possibilidade de evolução para operação com CCS e blends de hidrogênio, funcionando como base para a transição até uma matriz totalmente descarbonizada. | H53: Destacar o gás natural - e rotas GN + CCS e GN + H₂ - como componentes estruturantes da resiliência do sistema elétrico. O crescimento das renováveis variáveis exige fontes flexíveis, de resposta rápida e com emissões mais baixas. O gás natural cumpre esse papel com maturidade tecnológica, viabilidade econômica e compatibilidade futura com CCS, reduzindo emissões e garantindo segurança energética no período de transição. | I53: Agradecemos a contribuição. O PNE 2055 reconhece a importância da flexibilidade operativa e da segurança energética em um sistema elétrico com crescente participação de fontes renováveis variáveis. Nesse contexto, diferentes alternativas tecnológicas capazes de prover potência, flexibilidade e confiabilidade foram consideradas nas análises prospectivas do plano. No caso específico do gás natural, foram avaliadas tanto tecnologias convencionais quanto configurações associadas à captura e armazenamento de carbono (CCS), refletindo diferentes possibilidades de evolução tecnológica e de redução de emissões ao longo do horizonte de planejamento. Entretanto, o PNE 2055 busca preservar uma abordagem tecnologicamente neutra, sem estabelecer preferência explícita por tecnologias ou rotas específicas. Informações mais detalhadas sobre a expansão das diferentes tecnologias consideradas nos cenários quantitativos, incluindo as rotas de geração a gás natural com e sem CCS, serão disponibilizadas posteriormente por meio de ferramenta interativa do PNE 2055. | J53: N | K53: N
A54: 08-05 | B54: Transportadora Associada de Gás (TAG) | C54: =INDEX(Instituições!$B:$E,MATCH('Análise das Contribuições'!$B54,Instituições!$B:$B,0),MATCH('Análise das Contribuições'!$C$1,Instituições!$B$1:$XFD$1,0)) -> S | D54: Página 34 | E54: Expansão da geração | F54: N/A | G54: Ajuste na soma das participações de geração anual de energia elétrica proveniente de fontes renováveis. A soma deveria ser de 94% e não 96% no primeiro cenário, a título de exemplo. Aparentemente, estão considerando a fonte nuclear como energia renovável em todos os cenários. | H54: Apesar da energia nuclear ser considerada uma fonte limpa e livre de emissões, esta não é uma fonte renovável de energia. | I54: Contribuição aceita. | J54: S | K54: N
A55: 08-06 | B55: Transportadora Associada de Gás (TAG) | C55: =INDEX(Instituições!$B:$E,MATCH('Análise das Contribuições'!$B55,Instituições!$B:$B,0),MATCH('Análise das Contribuições'!$C$1,Instituições!$B$1:$XFD$1,0)) -> S | D55: Página 35 | E55: Gás natural | F55: As térmicas flexíveis devem operar quase que exclusivamente para complementação de potência, cerca de 39 a 54 GW. | G55: As térmicas flexíveis devem operar quase que exclusivamente para complementação depotência, cerca de 39 a 54 GW. O gás natural se destaca como a principal fonte responsável por essa potência firme, por oferecer menor intensidade de emissões em comparação a outros combustíveis fósseis e elevada flexibilidade operativa. Além disso, sua compatibilidade com rotas emergentes - como CCS e blend de hidrogênio - reforça o papel do gás natural como vetor estratégico para a segurança elétrica durante a transição energética. | H55: Indicar o gás natural como eixo central da potência térmica até a maturidade total das tecnologias de armazenamento. O PNE demonstra que a demanda por potência firme permanece elevada até 2055. O gás natural é a fonte térmica mais eficiente, com menor emissão entre fósseis e maior capacidade de resposta operacional, sendo essencial para complementar eólica, solar e armazenamento, além de viabilizar futuramente a captura de carbono. | I55: Agradecemos a contribuição. O PNE 2055 reconhece a importância da flexibilidade operativa e da segurança energética em um sistema elétrico com crescente participação de fontes renováveis variáveis. Nesse contexto, diferentes alternativas tecnológicas capazes de prover potência, flexibilidade e confiabilidade foram consideradas nas análises prospectivas do plano. No caso específico do gás natural, foram avaliadas tanto tecnologias convencionais quanto configurações associadas à captura e armazenamento de carbono (CCS), refletindo diferentes possibilidades de evolução tecnológica e de redução de emissões ao longo do horizonte de planejamento. Entretanto, o PNE 2055 busca preservar uma abordagem tecnologicamente neutra, sem estabelecer preferência explícita por tecnologias ou rotas específicas. Informações mais detalhadas sobre a expansão das diferentes tecnologias consideradas nos cenários quantitativos, incluindo as rotas de geração a gás natural com e sem CCS, serão disponibilizadas posteriormente por meio de ferramenta interativa do PNE 2055. | J55: N | K55: N
A56: 08-07 | B56: Transportadora Associada de Gás (TAG) | C56: =INDEX(Instituições!$B:$E,MATCH('Análise das Contribuições'!$B56,Instituições!$B:$B,0),MATCH('Análise das Contribuições'!$C$1,Instituições!$B$1:$XFD$1,0)) -> S | D56: Página 50 | E56: Estratégia | F56: Desenvolvimento e aprimoramento de soluções que promovam flexibilidade do sistema, frente à crescente inserção de fontes renováveis variáveis e às mudanças no perfil da demanda. | G56: Desenvolvimento e aprimoramento de soluções que promovam flexibilidade do sistema, frente à crescente inserção de fontes renováveis variáveis e às mudanças no perfil da demanda, incluindo o papel do gás natural como fonte de menor intensidade de emissões no curto prazo. | H56: O reconhecimento do gás natural como solução de flexibilidade fortalece a resiliência do sistema energético e acelera a substituição de fontes mais emissoras enquanto tecnologias de armazenamento e hidrogênio amadurecem. O gás natural desempenha função crítica no suporte a renováveis variáveis durante a transição, devido à sua flexibilidade operativa, menor intensidade de emissões e compatibilidade futura com tecnologiasde baixa emissão, contribuindo para a substituição de fontes mais intensivas em carbono mais rapdiamente. | I56: Agradecemos a contribuição. O PNE 2055 reconhece que o gás natural pode desempenhar um papel relevante na promoção da flexibilidade operativa e da segurança energética, especialmente em um contexto de crescente participação de fontes renováveis variáveis no sistema elétrico. Entretanto, o texto sugerido destaca uma solução tecnológica específica dentre um conjunto mais amplo de alternativas capazes de contribuir para a flexibilidade do sistema. Além do gás natural, os cenários do PNE 2055 contemplam outras soluções, como armazenamento de energia, resposta da demanda, ampliação da capacidade de intercâmbio entre regiões, geração hidrelétrica com reservatórios e outras inovações tecnológicas que podem ganhar relevância ao longo do horizonte de planejamento. Dessa forma, optou-se por manter a redação original, por entender que ela possui caráter mais abrangente e melhor representa a diversidade de soluções que poderão contribuir para a flexibilidade, a confiabilidade e a resiliência do sistema elétrico brasileiro. | J56: N | K56: N
A57: 08-08 | B57: Transportadora Associada de Gás (TAG) | C57: =INDEX(Instituições!$B:$E,MATCH('Análise das Contribuições'!$B57,Instituições!$B:$B,0),MATCH('Análise das Contribuições'!$C$1,Instituições!$B$1:$XFD$1,0)) -> S | D57: Página 51 | E57: Estratégia | F57: Investimento em infraestrutura para assegurar o acesso universal à energia de qualidade, com preços acessíveis, especialmente para populações vulneráveis. | G57: Investimento em infraestrutura para assegurar o acesso universal à energia de qualidade, incluindo a identificação de regiões prioritárias para expansão de redes de gás natural, com preços acessíveis, especialmente para populações vulneráveis. | H57: A expansão do acesso ao gás natural, integrada ao biometano, contribui para reduzir a pobreza energética ao substituir combustíveis mais poluentes e inseguros, ampliando o acesso a energéticos modernos em regiões atualmente pouco atendidas. O gás natural é energético seguro e de menor emissão, reduzindo dependência de lenha, carvão vegetal e combustíveis caros. Quando combinado ao biometano, promove inclusão energética e melhora da qualidade de vida. | I57: Agradecemos a contribuição. O texto original aborda os investimentos em infraestrutura energética de forma ampla, contemplando os diversos segmentos que compõem o sistema energético nacional e que podem contribuir para a ampliação do acesso da população a serviços energéticos modernos, seguros, confiáveis e a preços acessíveis. Embora a expansão das redes de gás natural possa contribuir para o acesso a energéticos modernos em determinadas regiões e contextos específicos, o objetivo da recomendação estratégica é mais abrangente, contemplando diferentes soluções de infraestrutura capazes de apoiar a erradicação da pobreza energética e a promoção da justiça energética. Dessa forma, optou-se por manter a redação original. | J57: N | K57: N
A58: 08-09 | B58: Transportadora Associada de Gás (TAG) | C58: =INDEX(Instituições!$B:$E,MATCH('Análise das Contribuições'!$B58,Instituições!$B:$B,0),MATCH('Análise das Contribuições'!$C$1,Instituições!$B$1:$XFD$1,0)) -> S | D58: Página 52 | E58: Estratégia | F58: Expansão da infraestrutura de baixo carbono para viabilizar o atendimento da demanda com menor intensidade de carbono | G58: Expansão da infraestrutura de baixo carbono para viabilizar o atendimento da demanda com menor intensidade de carbono, incluindo a avaliação do papel da infraestrutura de transporte de gás natural como vetor de integração, no médio prazo, de gases renováveis — como biometano e hidrogênio — e como suporte a projetos de CCUS. | H58: Reconhecer a infraestrutura de gás natural como uma plataforma para integrar gases renováveis e de baixo carbono, como biometano e hidrogênio, ou ainda projetos de CCUS. A infraestrutura de gás natural desempenha papel fundamental na redução imediata de emissões ao substituir fontes mais intensivas em carbono. Além disso, os gasodutos existentes e futuros permitem a inserção de biometano e hidrogênio e podem integrar projetos de CCUS, contribuindo diretamente para uma transição ordenada, competitiva e alinhada ao objetivo de expansão da infraestrutura de baixo carbono. | I58: Agradecemos a contribuição. O texto original aborda a expansão da infraestrutura de baixo carbono de forma ampla, contemplando diferentes soluções tecnológicas e segmentos do sistema energético que podem contribuir para o atendimento da demanda com menor intensidade de carbono. Embora a infraestrutura de transporte de gás natural possa desempenhar um papel relevante em determinados contextos, inclusive ao viabilizar a inserção de biometano e potencialmente outras soluções de baixo carbono, o objetivo da recomendação estratégica é mais abrangente e não se restringe a uma tecnologia, rota energética ou infraestrutura específica. De todo modo, o mérito da contribuição foi parcialmente incorporado em uma nova recomendação estratégica "Promoção da integração entre fontes, infraestruturas e modelos de negócio, expandindo sinergias entre as cadeias da transição energética" associada ao pilar estratégico "Energia para uma economia de baixo carbono". | J58: S | K58: N
A59: 08-10 | B59: Transportadora Associada de Gás (TAG) | C59: =INDEX(Instituições!$B:$E,MATCH('Análise das Contribuições'!$B59,Instituições!$B:$B,0),MATCH('Análise das Contribuições'!$C$1,Instituições!$B$1:$XFD$1,0)) -> S | D59: Página 53 | E59: Estratégia | F59: N/A | G59: Expansão e modernização da infraestrutura de gás natural, especialmente gasodutos de transporte, como elemento relevante da política de transição energética, por viabilizar a integração entre gás natural, biometano, hidrogênio e CCS e reduzir riscos regulatórios e financeiros associados à descarbonização industrial. | H59: Importante considerar que a infraestrutura de gás natural é um ativo multisserviço: integra fontes de menor intensidade de emissões com o biometano e pode ser adaptada para hidrogênio e CO₂, aumentando a eficiência e o retorno sistêmico dos investimentos em infraestrutura de transição. A transição energética exige infraestrutura robusta. Gasodutos de transporte são fundamentais para interligar fontes de gás, apoiar a indústria de baixo carbono, permitir o escoamento de biometano e preparar o país para o hidrogênio e para tecnologias de captura de carbono. | I59: Contribuição aceita no mérito. Foi incluída uma nova recomendação estratégica "Promoção da integração entre fontes, infraestruturas e modelos de negócio, expandindo sinergias entre as cadeias da transição energética" associada ao pilar estratégico "Energia para uma economia de baixo carbono". | J59: S | K59: N
A60: 09-01 | B60: Associação Brasileira de Geólogos do Petróleo (ABGP) | C60: =INDEX(Instituições!$B:$E,MATCH('Análise das Contribuições'!$B60,Instituições!$B:$B,0),MATCH('Análise das Contribuições'!$C$1,Instituições!$B$1:$XFD$1,0)) -> S | D60: Página 22 | E60: Potencial energético | F60: Potencial energético renovável brasileiro anual para expansão em Mtep por ano (Ver quadro apresentado na página 22 do PNE 2055). O PNE 2055 discute fontes renováveis e tecnologias de baixo carbono, com ênfase em hidroelétrica, solar, eólica, oceânica, biomassa e hidrogênio natural. | G60: Incluir a energia geotérmica no gráfico e texto explicativo. "Potencial energético renovável brasileiro anual para expansão (Mtep por ano), considerando as fontes biomassa, eólica, solar, oceânica, hidráulica, energia geotémica e hidrogênio natural. " | H60: Incluir explicitamente a energia geotérmica como tecnologia de geração elétrica de baixo carbono, firme e despachável, reconhecendo seu potencial estratégico no contexto brasileiro e sua sinergia com competências do setor de óleo e gás.O PDE 2035 inclui de forma clara a energia geotérmica como alternativa de fonte de energia limpa e de transição conectada ao setor de óleo e gás, destacando sua natureza firme, despachável e a elevada sinergia com competências nacionais em perfuração e gestão de subsuperfície (PDE 2035, Cap. 11.3.2). A ausência dessa tecnologia no Relatório Síntese do PNE 2055 reduz a opcionalidade tecnológica em fontes de baixa emissão com atributos de firmeza e despachabilidade, ampliando a dependência de soluções intermitentes e de requisitos sistêmicos (armazenamento/transmissão) associados. A inclusão explícita da energia geotérmica no quadro de potencial renovável fortalece a consistência entre planejamento decenal e visão de longo prazo e preserva sinergias com competências nacionais de subsuperfície. | I60: Agradecemos a contribuição. Devido a limitações metodológicas, não foi possível quantificar o potencial energético da fonte geotérmica no âmbito do PNE 2055. Por esse motivo, a fonte não foi incluída no gráfico em questão. Entretanto, a energia geotérmica foi contemplada no Caderno de Potencial dos Recursos Energéticos do PNE 2055 por meio de uma abordagem qualitativa, reconhecendo seu potencial e as incertezas ainda existentes quanto à sua avaliação em escala nacional. À medida que novas informações, estudos e dados se tornem disponíveis, a energia geotérmica poderá ser objeto de avaliações quantitativas em futuros ciclos de planejamento, permitindo um maior refinamento das análises sobre seu potencial de contribuição para o sistema energético brasileiro. | J60: N | K60: S
A61: 09-02 | B61: Associação Brasileira de Geólogos do Petróleo (ABGP) | C61: =INDEX(Instituições!$B:$E,MATCH('Análise das Contribuições'!$B61,Instituições!$B:$B,0),MATCH('Análise das Contribuições'!$C$1,Instituições!$B$1:$XFD$1,0)) -> S | D61: Página 29 | E61: Gás natural | F61: “O gás natural também pode contribuir para a redução de emissões ao substituir fontes altamente emissoras como o coque de carvão mineral.” Pg. 29 do PNE 2055. | G61: “O gás natural também pode contribuir para a redução de emissões ao substituir fontes altamente emissoras como o coque de carvão mineral, desempenhando adicionalmente papel estratégico na segurança energética, na flexibilidade operativa do sistema elétrico e na mitigação de riscos associados à elevada participação de fontes renováveis variáveis no longo prazo.” | H61: O PDE 2035 trata o gás natural como ativo estrutural da segurança energética, com detalhamento de oferta, demanda, infraestrutura e integração com a indústria (PDE 2035, Cap. 7). No PNE 2055, a caracterização restrita como combustível de transição pode induzir subinvestimentos em infraestrutura essencial ao equilíbrio sistêmico do setor energético. | I61: Agradecemos a contribuição. O trecho em questão está inserido na discussão sobre a demanda energética industrial (página 29) e busca destacar o potencial do gás natural para redução de emissões em aplicações industriais específicas, especialmente por meio da substituição de combustíveis mais intensivos em carbono, como o coque de carvão mineral. Os aspectos relacionados à segurança energética, à flexibilidade operativa do sistema elétrico e ao papel do gás natural na integração de fontes renováveis variáveis são reconhecidos pelo PNE 2055 como temas relevantes. Entretanto, esses elementos são tratados em seções específicas do plano (páginas 33, 35 e 36). Dessa forma, optou-se por manter a redação original, por entender que ela é mais aderente ao contexto da discussão sobre a demanda industrial, enquanto os demais atributos do gás natural já são abordados em outras partes do PNE 2055 de forma mais apropriada. | J61: N | K61: N
... A85: 11-09 | B85: InovaReg Energia | C85: =INDEX(Instituições!$B:$E,MATCH('Análise das Contribuições'!$B85,Instituições!$B:$B,0),MATCH('Análise das Contribuições'!$C$1,Instituições!$B$1:$XFD$1,0)) -> N | D85: N/A | E85: Arcabouço legal e regulatório | F85: N/A | G85: Esta contribuição propõe que o PNE 2055 inclua, em suas recomendações, um mapa de decisões regulatórias críticas porcenário, com responsável institucional e prazo estimado para cada decisão. | H85: Integração explícita entre PNE 2055 e agenda regulatória da ANEEL e do ONS: as recomendações estratégicas do PNE 2055 devem identificar explicitamente quais decisões regulatórias da ANEEL e do ONS são necessárias para viabilizar cada cenário. Por exemplo, o cenário "Transição pra todos" pressupõe mercados de serviços ancilares para RED e BESS que ainda não existem no SIN — conforme documentado na contribuição do autor à CP MME nº 214/2026 (Ferreira, 2026a). A Lei nº 15.269/2025 confere à ANEEL competência para regular armazenamento e prevê que a CCEE atuará na contabilização do BESS como agente híbrido, mas os prazos de regulamentação (12 meses) criam um período de incerteza que deve ser mapeado no PNE. | I85: Agradecemos a contribuição. Considerando que o PNE 2055 possui natureza estratégica e orientadora, explorando cenários de longo prazo para o setor energético nacional, o detalhamento de um mapa de decisões regulatórias com responsáveis institucionais e prazos de implementação não se enquadra no escopo do plano. Cabe destacar, ainda, que a definição e a implementação de medidas regulatórias específicas são atribuições dos órgãos e entidades competentes, incluindo as agências reguladoras, observadas suas competências legais e regulatórias. Não obstante, o PNE 2055 reconhece a importância do aperfeiçoamento do arcabouço regulatório para viabilizar a transição energética, tema que se encontra contemplado no pilar estratégico "Políticas Públicas, Regulação e Financiamento para a Transição Energética", que reúne recomendações voltadas ao fortalecimento da governança, da coordenação institucional e dos instrumentos regulatórios necessários ao desenvolvimento do sistema energético do futuro. Adicionalmente, o Plano Nacional de Transição Energética (Plante), coordenado pelo MME, apresenta características mais aderentes ao tipo de encaminhamento sugerido na contribuição, uma vez que combina uma visão estratégica de longo prazo com planos de ação estruturados em ciclos de quatro anos, voltados à implementação e ao acompanhamento de iniciativas relacionadas à transição energética. | J85: N | K85: N
A86: 11-10 | B86: InovaReg Energia | C86: =INDEX(Instituições!$B:$E,MATCH('Análise das Contribuições'!$B86,Instituições!$B:$B,0),MATCH('Análise das Contribuições'!$C$1,Instituições!$B$1:$XFD$1,0)) -> N | D86: N/A | E86: Curtailment | F86: N/A | G86: Atualizar os cenários quantitativos do PNE 2055 com os dados do painel de curtailment do ONS (jan–out/2025) e com o marco legal do BESS (Lei nº 15.269/2025) antes da publicação do Relatório Síntese final. | I86: Agradecemos a contribuição. Considerando que o PNE 2055 possui natureza estratégica e orientadora, explorando cenários de longo prazo para o setor energético nacional, os cenários quantificados buscam retratar possíveis caminhos de evolução do sistema energético brasileiro ao longo das próximas décadas, sem estarem condicionados a eventos conjunturais ou a questões operativas específicas de curto prazo. Embora informações relacionadas ao curtailment e à operação do sistema elétrico sejam relevantes para o acompanhamento da evolução do setor, análises dessa natureza são mais adequadamente tratadas em estudos de planejamento de curto e médio prazo, que dispõem de maior detalhamento temporal e operacional. O PNE, por sua vez, busca identificar tendências estruturais, desafios e oportunidades para o desenvolvimento do sistema energético no longo prazo. Em relação ao marco legal dos sistemas de armazenamento de energia, cabe destacar que a Lei nº 15.269/2025 foi contemplada na página 55 do Caderno Síntese. Adicionalmente, os sistemas de armazenamento já foram considerados nos exercícios quantitativos do plano, desempenhando papel relevante em diferentes cenários prospectivos. | J86: N | K86: N
A87: 12-01 | B87: Petrobras | C87: =INDEX(Instituições!$B:$E,MATCH('Análise das Contribuições'!$B87,Instituições!$B:$B,0),MATCH('Análise das Contribuições'!$C$1,Instituições!$B$1:$XFD$1,0)) -> S | D87: Cenários energéticos de longo prazo: tendências e incertezas | E87: Economia | F87: O PNE 2055 esclarece que cenários são “histórias consistentes sobre o futuro” e não devem ser interpretados como projeções ou trajetórias únicas, mas como narrativas de futuros possíveis. O PNE define três cenários avaliados quantitativamente (2025–2055), com premissas macroeconômicas explícitas: 1. Transição Continuada (TC) • Crescimento médio do PIB: 2,5% a.a. • Redução marginal da desigualdade; manutenção do modelo primário‑exportador • Governança bem estruturada; menores avanços na regulação e financiamento insuficiente • Manutenção do ritmo histórico de transição energética (sem meta de net zero) 2. Transição Alongada (TA) • Crescimento médio do PIB: 3,2% a.a. • Expansão do consumo das famílias; economia ainda apoiada em modelo primário‑exportador • Avanços na governança e integração de políticas; regulação eficaz; financiamento instável • Brasil avança na transição, mas não alcança net zero até 2050 3. Transição Net Zero 2050 (TNZ) • Crescimento médio do PIB: 3,8% a.a. • Forte redução da desigualdade; transformação estrutural da economia (maior crescimento da indústria nacional) • Governança forte, regulação eficaz e financiamento amplo e diversificado • Alcance do net zero em 2050 no setor energético Além disso, o PNE registra que as políticas públicas vigentes compõem a “base comum” dos cenários, mas que o alcance dessas políticas varia conforme as condições de governança, coordenação de políticas, regulação e financiamento — fatores que condicionam as trajetórias macro e energéticas. | G87: Com base nos valores históricos de crescimento econômico do Brasil nos últimos 20 anos, registra-se que o cenário TC (2,5% a.a.) é o que se apresenta mais próximo ao comportamento histórico observado no país. Recomenda-se aprofundar ou divulgar caderno específico explorando o que evolui na economia brasileira nos cenários TA e TNZ em relação ao histórico de crescimento do PIB recente. O objetivo é tratar dos elementos institucionais e econômicos (governança, estabilidade de financiamento, transformação estrutural/neoindustrialização, avanço em cadeias de valor e coordenação de políticas) que estão implícitos nas narrativas dos cenários supracitados. | H87: A economia brasileira apresenta elevada dependência do cenário externo e é fortemente influenciada por ciclos econômicos globais e choques recorrentes, o que tende a se refletir em trajetórias de crescimento mais voláteis e, em média, mais moderadas ao longo do tempo. Historicamente, o PIB brasileiro, em termos de CAGR geométrico (crescimento composto), comportou-se da seguinte forma: - 0,82% a.a. (últimos 10 anos, 2015–2024), - 2,14% a.a. (últimos 20 anos, 2005–2024); - 2,31% a.a. (últimos 30 anos, 1995–2024). Assim, a leitura comparativa entre os cenários do PNE e os CAGRs históricos contribui para qualificar a interpretação das premissas macroeconômicas, sem implicar juízo sobre adequação/inadequação, mas situando-as frente ao comportamento observado. Além disso, o próprio PNE destaca que cenários são ferramentas para decisão sob incerteza e não projeções. Explicitar os aspectos institucionais e econômicos implícitos nas narrativas das trajetórias fortalece o debate público sobre os fatores que podem levar o nosso país a trajetória descrita e, em última instância, inspira novas políticas públicas. | I87: Agradecemos a contribuição. Parte das principais distinções qualitativas entre os cenários do PNE 2055, tanto em termos econômicos quanto energéticos, se encontram na Matriz Morfológica, apresentada na página 46 do Caderno de Cenários Energéticos. Tal matriz apresenta o comportamento de cada uma das incertezas críticas selecionadas em cada um dos cenários desenhados. De toda forma, cabe destacar que documentos complementares tendo como base o PNE 2055 podem ser divulgados pela EPE, em alinhamento com o MME. | J87: N | K87: N
A88: 12-02 | B88: Petrobras | C88: =INDEX(Instituições!$B:$E,MATCH('Análise das Contribuições'!$B88,Instituições!$B:$B,0),MATCH('Análise das Contribuições'!$C$1,Instituições!$B$1:$XFD$1,0)) -> S | D88: Cenários energéticos de longo prazo: tendências e incertezas | E88: Impactos socioeconômicos | F88: O PNE 2055 explicita que a construção e quantificação dos cenários energéticos de longo prazo possuem possíveis aprimoramentos metodológicos, incluindo a representação e mensuração dos impactos socioeconômicos associados às diferentes trajetórias analisadas. Ainda que o PNE 2055 ressalte em suas recomendações estratégicas a importância de aprimorar a capacidade institucional de análise, diagnóstico e monitoramento da pobreza e justiça energética, incluindo os impactos socioeconômicos das cadeias energéticas, com foco na redução das desigualdades regionais, tais dimensões não são incorporadas de forma explícita à quantificação dos cenários. Com isso, fica limitada a avaliação integrada dos efeitos econômicos, sociais e distributivos das trajetórias energéticas propostas. | G88: Valorizamos que o processo de construção do PNE e instrumentos da política de transição energética avancem no tratamento dos impactos socioeconômicos associados aos cenários, ainda que de forma complementar e não necessariamente integrada à modelagem energética principal. Em particular, sugere-se que em Planejamentos futuros o documento: (i) explicite, quais dimensões socioeconômicas são consideradas críticas para a avaliação da transição energética de longo prazo (ex.: emprego, renda, impactos regionais, acesso à energia, efeitos distributivos e justiça energética); (ii) apresente, ao menos em caráter qualitativo ou exploratório, como os diferentes cenários podem afetar essas dimensões, destacando potenciais assimetrias e “trade‑offs”; e (iii) indique como e em que horizonte a EPE/MME pretendem aprofundar essas análises em ciclos futuros do planejamento energético, seja por meio de estudos complementares, integração com outros instrumentos de planejamento governamental (como a Estratégia Transversal de Transição Justa do Plano Clima) ou desenvolvimento metodológico específico. | H88: Conforme reconhecido no próprio PNE 2055, a ausência de uma avaliação dos impactos socioeconômicos constitui uma limitação do exercício de cenarização, especialmente em um contexto em que a transição energética envolve transformações profundas na matriz produtiva, no mercado de trabalho, na organização territorial da oferta de energia e no acesso da população a serviços energéticos modernos. A incorporação, ainda que qualitativa ou indicativa, dessas dimensões permitiria qualificar a interpretação dos resultados dos cenários, ampliando sua utilidade como instrumento de apoio à formulação de políticas públicas e ao debate estratégico de longo prazo. Além disso, tal aprofundamento é particularmente relevante para a avaliação de equidade e justiça energética, aspectos que não podem ser plenamente inferidos apenas a partir de indicadores energéticos ou ambientais. Ao explicitar como os impactos socioeconômicos podem variar entre os cenários e como essas análises serão desenvolvidas ao longo do tempo, o PNE 2055 reforça sua coerência interna, sua transparência metodológica e sua aderência às discussões contemporâneas sobre desenvolvimento sustentável e transição energética justa, sem comprometer a natureza exploratória e não determinística do planejamento de longo prazo. | I88: Agradecemos a contribuição e reconhecemos a relevância de se avançar em estudos que aprofundem as avaliações dos impactos socioeconômicos. Nesse sentido, aprimoramentos futuros podem ser assumidos em ciclos subsequentes ou em estudos complementares. | J88: N | K88: S
A89: 12-03 | B89: Petrobras | C89: =INDEX(Instituições!$B:$E,MATCH('Análise das Contribuições'!$B89,Instituições!$B:$B,0),MATCH('Análise das Contribuições'!$C$1,Instituições!$B$1:$XFD$1,0)) -> S | D89: Cenários energéticos de longo prazo: tendências e incertezas | E89: Comércio de emissões | F89: O PNE 2055 indica entre os possíveis aprimoramentos metodológicos a representação do sistema brasileiro de comércio de emissões (SBCE) e as estimativas de possíveis impactos do mercado regulado e da precificação de carbono no setor energético. Com isso, os cenários energéticos quantificados não incorporam sinais econômicos decorrentes de instrumentos de mercado de carbono, tais como custos de emissões, receitas associadas à mitigação ou mudanças relativas de competitividade entre tecnologias e rotas energéticas. | G89: Recomenda-se que o Relatório Síntese do PNE 2055 explicite de forma mais clara como a ausência de um mercado regulado de carbono e de mecanismos de precificação afeta a interpretação dos resultados dos cenários, em especial no que se refere a: (i) custos relativos entre tecnologias e rotas energéticas; (ii) competitividade econômica de soluções de baixo carbono em comparação a alternativas fósseis; e (iii) escolhas de mitigação implícitas nos diferentes cenários, notadamente nos de maior ambição climática. Adicionalmente, sugere-se que o documento apresente, ao menos em caráter qualitativo ou conceitual, quais hipóteses de precificação de carbono ou de funcionamento de um mercado regulado seriam particularmente relevantes para análises de sensibilidade em ciclos futuros do planejamento energético, indicando de que forma tais instrumentos poderiam alterar as trajetórias observadas nos cenários atualmente apresentados. | H89: O custo do carbono é amplamente reconhecido como um vetor central da transição energética e um elemento capaz de alterar de forma significativa a competitividade relativa de tecnologias, combustíveis e estratégias de mitigação. Ao explicitar as implicações dessa ausência para a leitura dos resultados, o plano contribui para uma interpretação mais transparente e tecnicamente qualificada dos cenários, evitando que eles sejam compreendidos como trajetórias independentes de sinais econômicos associados à política climática. Esse esclarecimento é particularmente importante nos cenários de maior ambição, nos quais decisões de investimento e escolhas tecnológicas tendem a ser fortemente influenciadas por instrumentos de precificação de emissões. Além disso, a indicação de hipóteses qualitativas ou de referenciais conceituais para futuros testes de sensibilidade fortalece o papel do PNE 2055 como instrumento dinâmico de planejamento de longo prazo, alinhado à evolução institucional da política climática brasileira. Tal abordagem converge com a avaliação de que o aprofundamento da análise dos impactos econômicos associados ao mercado de carbono é um passo necessário para sustentar, com maior robustez, as visões contidas nos cenários energéticos e macroeconômicos apresentados. Precificar carbono e reconhecer reduções/remoções alavanca a viabilidade de CCUS/BECCS e reduz pode induzir a redução do custo social da transição. Alinhamento com PNTE/Plano Clima reforça a coerência regulatória e o apetite de investimento em tecnologias de descarbonização. | I89: Agradecemos a contribuição e reconhecemos a relevância de aprofundar os estudos relacionados à representação do Sistema Brasileiro de Comércio de Emissões (SBCE) e à avaliação dos impactos da precificação de carbono sobre o setor energético. Entretanto, no momento da elaboração dos cenários quantitativos do PNE 2055, ainda não havia elementos suficientes para uma incorporação explícita do SBCE nas modelagens, especialmente em função de definições relevantes ainda em desenvolvimento, como a cobertura setorial, as regras de funcionamento e os mecanismos de alocação associados ao sistema. Dessa forma, não foi possível realizar análises de sensibilidade consistentes para este ciclo de planejamento. À medida que o processo de implementação do SBCE avance e seus parâmetros sejam consolidados, seus efeitos sobre a competitividade relativa das tecnologias e rotas energéticas poderão ser avaliados em estudos futuros e em ciclos subsequentes de planejamento. De todo modo, em linha com a contribuição recebida, foi incorporada à página 43 do Caderno Síntese a seguinte nota: "Com a plena implementação do Sistema Brasileiro de Comércio de Emissões (SBCE) - não incorporada neste estudo - são esperadas alterações nos custos relativos entre tecnologias e rotas energéticas, incentivando as menos emissoras, bem como receitas governamentais que podem ser alocadas para acelerar a transição energética". | J89: S | K89: S
A90: 12-04 | B90: Petrobras | C90: =INDEX(Instituições!$B:$E,MATCH('Análise das Contribuições'!$B90,Instituições!$B:$B,0),MATCH('Análise das Contribuições'!$C$1,Instituições!$B$1:$XFD$1,0)) -> S | D90: Principais mensagens da quantificação dos cenários – Produção de petróleo e gás natural | E90: Produção de petróleo e gás natural | F90: O PNE 2055 sinaliza que a produção de petróleo nacional pode apresentar pico em torno de 5,3 milhões b/d em 2030 e, no longo prazo, atingir níveis inferiores aos de 2025, no contexto de redução gradual do consumo de combustíveis fósseis, sem prejuízo à segurança energética. O documento ressalta que, embora a demanda doméstica de petróleo decline, a demanda doméstica de gás natural aumenta e, como grande parte da produção de gás é associada ao petróleo, os níveis de produção de petróleo no longo prazo não declinam na mesma magnitude. Além disso, o PNE atribui relevância estratégica à indústria de óleo e gás e associa a competitividade do petróleo brasileiro no comércio internacional à combinação de custos eficientes e baixa intensidade de carbono ao longo da cadeia de produção. | G90: Recomenda-se complementar a mensagem do Relatório Síntese do PNE 2055 sobre produção e exportação de petróleo e gás natural, explicitando condicionantes e hipóteses-chave que sustentam a trajetória projetada, de modo a qualificar a interpretação dos cenários, especialmente nos de maior ambição climática. Em particular, sugere-se explicitar que a leitura de “petróleo disponível para exportação” é condicional ao contexto internacional de transição energética e não deve ser interpretada como resultado automático da redução do consumo doméstico. Assim, recomenda-se indicar, de forma sintética, como diferentes ritmos de transição global podem afetar demanda, preços e incentivos à produção, e, por consequência, o nível de produção nacional e o potencial exportador ao longo do tempo. Sugere-se incluir no texto uma sensibilidade qualitativa (por exemplo: alta/média/baixa demanda global por petróleo e derivados) que destaque implicações para: (i) nível de produção doméstica de petróleo; (ii) potencial de exportação; e (iii) efeitos macroeconômicos e distributivos relevantes (receitas públicas, investimentos e emprego), em coerência com a própria identificação, no PNE, de lacunas na mensuração de impactos socioeconômicos em cenários de longo prazo. Adicionalmente, recomenda-se explicitar de forma mais direta o vínculo estrutural entre a produção de petróleo e a oferta de gás natural, dado que o próprio PNE registra que a grande maioria da produção de gás natural é associada ao petróleo. Nesse contexto, sugere-se registrar que eventuais choques negativos no mercado do óleo (demanda/preço/condições de exportação) podem repercutir na viabilidade econômica e operacional da produção de petróleo e, por consequência, na oferta interna de gás associado, afetando o balanço de suprimento de GN nos cenários em que a demanda doméstica por gás cresce. | H90: O PNE 2055 aponta a relevância estratégica do óleo e gás e destaca que a competitividade do petróleo brasileiro no mercado global está associada à sua baixa intensidade de carbono, além de reconhecer que, apesar da redução gradual do consumo doméstico de petróleo em cenários mais ambiciosos, a demanda doméstica de gás natural tende a crescer e que a grande maioria da produção de gás natural é associada ao petróleo. Dado esse acoplamento, a interpretação das trajetórias de oferta de gás natural depende de forma material das hipóteses sobre a trajetória de produção de petróleo e sobre a viabilidade de escoamento/monetização do óleo em um contexto internacional de transição energética. Explicitar que o “petróleo disponível para exportação” é condicionado ao comportamento da demanda e dos preços globais reduz o risco de leitura automática dos resultados como independentes de preços relativos e de condições de mercado, melhorando a transparência e a robustez do uso dos cenários como apoio à decisão sob incerteza. Além disso, o próprio PNE explicita como limitação metodológica a ausência de estimativas de impactos socioeconômicos em cenários de longo prazo. Como a dinâmica de commodities (preços de petróleo e derivados) afeta diretamente receitas, investimentos e emprego — e pode repercutir sobre a oferta interna de GN associado —, a inclusão de uma sensibilidade qualitativa e a explicitação das condicionantes fortalecem a coerência interna do Relatório Síntese e qualificam a leitura dos cenários. Por fim, a distinção entre gás associado e não associado é uma decomposição relevante e presente em estatísticas oficiais do setor, o que reforça a pertinência de, ao menos, explicitar se esse recorte foi considerado nas hipóteses do PNE ou encaminhar sua apresentação em material complementar. | I90: Agradecemos a contribuição. Em linha com a contribuição recebida, foi incorporada na página 39 do Caderno Síntese a seguinte nota: "O potencial de exportação apresentado deve ser interpretado à luz das condições do mercado internacional, podendo variar conforme a evolução da demanda global por petróleo, dos preços internacionais e do ritmo da transição energética no mundo". | J90: S | K90: N
A91: 12-05 | B91: Petrobras | C91: =INDEX(Instituições!$B:$E,MATCH('Análise das Contribuições'!$B91,Instituições!$B:$B,0),MATCH('Análise das Contribuições'!$C$1,Instituições!$B$1:$XFD$1,0)) -> S | D91: Principais mensagens da quantificação dos cenários – Transportes | E91: Descarbonização dos transportes | F91: O PNE 2055 indica que, no setor de transportes, a descarbonização é impulsionada por biocombustíveis, eletrificação e ganhos de eficiência, e que biocombustíveis avançados (incluindo diesel verde e SAF) são relevantes em segmentos de difícil descarbonização, podendo responder por até 22% da demanda em 2055. O documento também destaca que a renovabilidade da matriz de transportes pode alcançar até 85% em 2055, combinando biocombustíveis convencionais e avançados com eletrificação e hidrogênio. | G91: Complementar o texto do PNE para explicitar que, no ciclo diesel, além da produção em plantas dedicadas, a incorporação de biomassa em refinarias por coprocessamento constitui uma rota de transição para ampliar a participação de conteúdo renovável em combustíveis líquidos, com uso eficiente da infraestrutura existente. Sugere-se incluir, nas recomendações estratégicas, a orientação para que o desenho de instrumentos de política (incluindo o Programa Nacional do Diesel Verde - PNDV) considere mecanismos de contabilização e certificação do conteúdo renovável (fração renovável) quando produzido por rotas integradas ao parque de refino, desde que mensurável, rastreável e aderente aos requisitos regulatórios. | H91: O próprio marco legal do PNDV estabelece que o CNPE definirá anualmente a participação mínima obrigatória e deverá observar, entre outros fatores, (i) condições de oferta, (ii) impacto no preço ao consumidor e (iii) competitividade. Nesse contexto, o PNE pode qualificar a discussão ao explicitar rotas e condicionantes que ampliem a oferta com previsibilidade e eficiência. Além disso, há material técnico indicando que a fração renovável associada ao coprocessamento (HVO no coprocessado) é quimicamente equivalente ao diesel verde produzido em planta dedicada, reforçando a relevância de o PNE tratar o tema de forma clara como rota de transição (sem criar ambiguidade conceitual). | I91: Agradecemos a contribuição. O coprocessamento de matéria-prima renovável em refinarias é mencionado na página 40 como uma das rotas tecnológicas para o refino. Aspectos relacionados a instrumentos de política pública são abordados de forma ampla nas recomendações estratégicas. Agradecemos a contribuição. O coprocessamento de matérias-primas renováveis em refinarias é mencionado na página 40 do Caderno Síntese como uma das rotas tecnológicas associadas à produção de combustíveis de menor intensidade de carbono. No que tange à sugestão referente às recomendações estratégicas, cae ressaltar que o PNE 2055 possui caráter estratégico e orientador, não sendo um instrumento determinativo nem voltado à definição de mecanismos específicos de política pública ou diretrizes associadas a rotas tecnológicas particulares. Nesse sentido, as recomendações estratégicas do plano buscam manter um caráter abrangente, criando condições para o desenvolvimento de diferentes alternativas tecnológicas que possam contribuir para a transição energética nacional. | J91: N | K91: N
A92: 12-06 | B92: Petrobras | C92: =INDEX(Instituições!$B:$E,MATCH('Análise das Contribuições'!$B92,Instituições!$B:$B,0),MATCH('Análise das Contribuições'!$C$1,Instituições!$B$1:$XFD$1,0)) -> S | D92: Recomendações Estratégicas | E92: Refino | F92: O PNE 2055 indica que, no longo prazo, o refino nacional permanece como um pilar da segurança energética, mesmo nos cenários de maior ambição climática. Em particular, no cenário TNZ, a redução expressiva da participação do petróleo na matriz energética não se traduz em um fechamento significativo do parque de refino, mas em um processo de reinvenção das plantas, com crescente incorporação de matérias‑primas renováveis. O documento aponta que, nesse horizonte, a participação de insumos renováveis na carga do refino pode atingir patamares próximos de 40% em 2055, mencionando rotas tecnológicas como coprocessamento de óleos vegetais e resíduos, retrofit de unidades existentes (como Hidrotratamento - HDT e Craqueamento Catalítico Fluidizado - FCC) e a produção de combustíveis sustentáveis por rotas dedicadas, como Hidroprocessamento de Ésteres e Ácidos Graxos - HEFA. Essa transformação é apresentada como parte integrante da estratégia de descarbonização do setor, preservando a função estrutural do refino no atendimento à demanda por combustíveis líquidos. | G92: Recomenda-se que o Relatório Síntese do PNE 2055 complemente a mensagem principal sobre o refino, explicitando que a trajetória de reinvenção do parque de refino — especialmente no cenário TNZ — é condicional à superação de um conjunto de fatores habilitadores, tais como: (i) disponibilidade, escala e logística de suprimento de matérias‑primas renováveis, compatíveis com a magnitude assumida nos cenários; (ii) existência de marcos regulatórios e instrumentos de política pública, econômicos e não econômicos, que sinalizem de forma consistente a valorização do conteúdo renovável e da descarbonização dos combustíveis; (iii) mecanismos de financiamento e condições econômicas que viabilizem investimentos em retrofit, adaptação tecnológica e novas rotas produtivas; e (iv) integração com as demais políticas de descarbonização, assegurando coerência entre a estratégia para o refino, os objetivos climáticos e os instrumentos setoriais. Adicionalmente, recomenda-se explicitar que a reinvenção do parque de refino com maior participação de insumos renováveis envolve “trade-offs” econômicos relevantes, com potencial impacto sobre preços relativos e modicidade no abastecimento, dada a diferença de custos entre rotas fósseis e rotas renováveis/biocombustíveis em diversos contextos. Sugere-se, portanto, registrar que a materialização dessa trajetória depende não apenas da disponibilidade de matérias‑primas, mas também de investimentos e financiamento em escala compatível e de instrumentos de política pública que reduzam riscos e viabilizem a conversão tecnológica, preservando coerência com os objetivos de segurança energética, competitividade e transição justa. Esse complemento permitiria deixar explícito que a elevada participação de carga renovável no refino constitui uma trajetória condicional, particularmente sensível no cenário TNZ, e dependente da materialização desses fatores. | H92: O cenário TNZ do PNE 2055 pressupõe uma reinvenção profunda do parque de refino, com elevada participação de matérias‑primas renováveis, sem que isso resulte em um fechamento expressivo de unidades. No entanto, o documento não explicita de forma suficiente “o que precisaria mudar” para viabilizar essa trajetória, o que pode dificultar a correta interpretação dos resultados e de seus pressupostos. A explicitação dos condicionantes associados à reinvenção do refino contribui para uma leitura mais transparente e realista dos cenários, reforçando o entendimento de que os volumes e participações apresentados não são projeções automáticas, mas dependem de decisões econômicas, institucionais e de política pública ao longo do tempo. Além disso, explicitar os potenciais impactos sobre preços relativos/modicidade, bem como a necessidade de financiamento e instrumentos de política para viabilizar investimentos de conversão, qualifica a leitura do cenário ao reconhecer que a transição no refino é condicional a fatores econômico‑financeiros e pode gerar efeitos socioeconômicos e distributivos relevantes. Ao tornar explícitos esses condicionantes, o plano amplia sua utilidade como instrumento estratégico de longo prazo, sem comprometer seu caráter exploratório e não determinístico. | I92: Agradecemos a contribuição. Cabe destacar que grande parte dos fatores habilitadores mencionados integra o conjunto de incertezas consideradas na construção dos cenários energéticos de longo prazo do PNE 2055. Aspectos como disponibilidade de financiamento, evolução regulatória, coordenação de políticas públicas e condições para o desenvolvimento de novas cadeias produtivas são elementos que podem assumir diferentes configurações em cada cenário, influenciando seus resultados e trajetórias tecnológicas. Nesse sentido, os cenários do PNE 2055 não pressupõem que tais condições estarão necessariamente presentes, mas exploram diferentes futuros possíveis nos quais esses fatores evoluem de maneiras distintas. De toda forma, em atenção à contribuição recebida, foram incorporadas à página 40 referências explícitas à importância de fontes de financiamento, ações regulatórias e integração com políticas de descarbonização como elementos relevantes para viabilizar a transformação do parque de refino ao longo do horizonte analisado. | J92: S | K92: N
A93: 12-07 | B93: Petrobras | C93: =INDEX(Instituições!$B:$E,MATCH('Análise das Contribuições'!$B93,Instituições!$B:$B,0),MATCH('Análise das Contribuições'!$C$1,Instituições!$B$1:$XFD$1,0)) -> S | D93: Glossário (definições do PNE 2055) | E93: Diesel verde | F93: O Glossário do PNE define Diesel Verde como biocombustível composto por hidrocarbonetos parafínicos, destinado a motores do ciclo diesel, produzido a partir de matérias‑primas de biomassa renovável (com referência à Resolução ANP aplicável). | G93: Incluir no Glossário um verbete adicional para “diesel com conteúdo renovável por coprocessamento” (ou “fração renovável do diesel produzido por coprocessamento”), caracterizando-o como produto obtido pelo processamento simultâneo de carga fóssil e renovável em unidades de refino, destacando que sua adoção pode ser rota de transição para aumento de renovabilidade no ciclo diesel, e recomendando que instrumentos de política associados ao diesel verde tratem explicitamente do critério de mensuração, rastreabilidade/certificação e contabilização do conteúdo renovável, para evitar ambiguidades conceituais no debate público. | H93: O PNE é um documento estratégico; ainda assim, a clareza conceitual no Glossário reduz risco de interpretações divergentes sobre o que é (e o que não é) diesel verde, especialmente quando o próprio PNE enfatiza crescimento de biocombustíveis avançados e refino híbrido. A definição regulatória de diesel verde (ANP) descreve rotas e matérias‑primas para produção do combustível, enquanto materiais técnicos distinguem diesel verde “dedicado” de diesel com conteúdo renovável por coprocessamento e apontam a necessidade de evitar desenho de políticas que gere distorções (como criação de “mandato paralelo”) e de explicitar critérios de contabilização. | I93: Contribuição aceita. O termo Diesel com Conteúdo Renovável por Coprocessamento foi incluído na página de glossário. | J93: S | K93: N
A94: 12-08 | B94: Petrobras | C94: =INDEX(Instituições!$B:$E,MATCH('Análise das Contribuições'!$B94,Instituições!$B:$B,0),MATCH('Análise das Contribuições'!$C$1,Instituições!$B$1:$XFD$1,0)) -> S | D94: Recomendações Estratégicas | E94: Estratégia | F94: O documento informa que a contribuição do PNE 2055 é subsidiar tecnicamente o desenvolvimento de uma visão compartilhada de longo prazo para o setor energético a partir da exploração de cenários, tendências e incertezas. Essa contribuição é legitimada pela estrutura da Política Energética Nacional e, em especial, pela Política Nacional de Transição Energética (PNTE), A Política Nacional de Transição Energética e seus instrumentos, o Plano Nacional de Transição Energética (Plante) e o Fórum Nacional de Transição Energética (Fonte), constituem um arcabouço de governança potente a partir da integração entre a visão de longo prazo do PNE e os documentos estratégicos de curto e médio prazo. Os resultados qualitativos e quantitativos e as considerações estratégicas do PNE são a principal referência técnica para o conteúdo do Plante, que se baseia nos cenários de longo prazo e nos pilares estratégicos para a sistematização de ações. | G94: Sugere-se reforçar a importância dos processos participativos na governança da Política Energética, através do FONTE, ao desdobrar os estudos de longo prazo nos planos de curto e médio prazo. Sugestão de texto: Os resultados qualitativos e quantitativos e as considerações estratégicas do PNE são a principal referência técnica para o conteúdo do Plante, que se baseia nos cenários de longo prazo e nos pilares estratégicos para a sistematização de ações. Assim, o Plante detalha, com embasamento técnico sólido e processos participativos, através do FONTE, os próximos passos da trajetória brasileira para uma energia competitiva em uma economia de baixo carbono, com segurança, resiliência e justiça energética e é continuamente aprimorado e ajustado em seus ciclos de implementação rumo ao ano de 2055. | H94: A sugestão de inclusão reforça a importância do Fórum FONTE, como um espaço de diálogo entre governo, sociedade civil e setor produtivo, sendo responsável por elaborar recomendações e promover a transparência e a participação social no processo de transição energética por meio de sua carta de recomendações. A Petrobras participa do Fonte através do IBP, onde são discutidas mais em detalhes as propostas do Plano Nacional da Transição Energética. | I94: Contribuição aceita, porém com ajustes textuais. O conteúdo existente na página 57 do documento foi revisado, ficando da seguinte forma: "O Plano Nacional de Transição Energética (Plante) e o Fórum Nacional de Transição Energética (Fonte) são os principais instrumentos da PNTE para a implementação de suas diretrizes. O Plante consiste em um plano de ação de longo prazo, estruturado em ciclos quadrienais de implementação, que articula os diversos planos, programas e iniciativas do Governo Federal relacionados à transição energética. Por meio de roadmaps, o plano sistematiza ações, identifica sinergias, lacunas e sobreposições, além de orientar a proposição de novas iniciativas. O Fonte, por sua vez, atua como instância permanente de diálogo entre governo, sociedade civil e setor produtivo, contribuindo para a transparência, a participação social e o aprimoramento contínuo da política de transição energética. Entre suas atribuições, destacam-se a elaboração de recomendações e a construção de consensos em torno dos desafios e oportunidades da transição energética brasileira. Os resultados qualitativos e quantitativos, bem como as considerações estratégicas do PNE 2055, constituem a principal referência técnica para a elaboração do Plante. Com base nos cenários de longo prazo e nos pilares do PNE, o plano organiza e prioriza ações voltadas à transição energética, detalhando, com embasamento técnico e ampla participação social por meio do Fonte, os caminhos para a construção de uma energia competitiva em uma economia de baixo carbono, com segurança, resiliência e justiça energética. Seus ciclos periódicos de implementação permitem o contínuo aperfeiçoamento das ações e sua adaptação às transformações econômicas, tecnológicas e sociais na trajetória até 2055". | J94: S | K94: N
A95: 12-09 | B95: Petrobras | C95: =INDEX(Instituições!$B:$E,MATCH('Análise das Contribuições'!$B95,Instituições!$B:$B,0),MATCH('Análise das Contribuições'!$C$1,Instituições!$B$1:$XFD$1,0)) -> S | D95: Cenários energéticos de longo prazo: tendências e incertezas | E95: Digitalização da economia | F95: O PNE 2055 contextualiza que os cenários são “histórias consistentes sobre o futuro” (não projeções determinísticas) e incorpora a transformação digital como elemento relevante no mapeamento de tendências/incertezas. Na etapa de quantificação, o Relatório Síntese também indica que a digitalização da economia pode se tornar vetor relevante da demanda elétrica, com consumo de até ~300 TWh em data centers no horizonte de 2055, e menciona a entrada de grandes cargas, como data centers, como fator que contribui para o aumento da demanda no setor de edificações. | G95: Recomenda-se que o Relatório Síntese do PNE 2055 incorpore de forma explícita uma análise do impacto da aceleração da demanda elétrica associada à expansão de infraestrutura digital (data centers e aplicações de IA), indicando: (i) como esse vetor foi tratado na lógica dos cenários (tendência/incerteza e/ou premissa exógena na quantificação); (ii) premissas mínimas para interpretação do resultado (ordem de grandeza, perfil temporal de carga e sinalização qualitativa de localização/concentração regional); e (iii) implicações sistêmicas para segurança e resiliência do suprimento e para a necessidade de infraestrutura (geração, transmissão e flexibilidade), em coerência com as narrativas macroeconômicas dos cenários. | H95: O próprio PNE 2055 reconhece a digitalização como vetor relevante e apresenta valor de referência expressivo para consumo de data centers no longo prazo. Entretanto, a ausência de explicitação do enquadramento desse vetor na construção dos cenários e das premissas mínimas para sua interpretação pode limitar a transparência e a robustez do uso dos cenários como apoio à decisão sob incerteza. Detalhar o tratamento do tema qualifica a leitura do Relatório Síntese, apoia a antecipação de potenciais “estresses de demanda” e melhora a articulação entre a narrativa de desenvolvimento econômico e os requisitos de planejamento do sistema elétrico. | I95: Reconhece-se a relevância crescente da digitalização da economia e da expansão de infraestruturas digitais intensivas em eletricidade, como data centers e aplicações associadas à inteligência artificial, no contexto das transformações estruturais consideradas no PNE 2055. No âmbito da construção dos cenários prospectivos, a transformação digital foi incorporada como elemento relevante tanto no mapeamento de tendências e incertezas quanto na lógica de construção das narrativas, em articulação com os diferentes vetores econômicos, tecnológicos e produtivos considerados na matriz morfológica utilizada no processo prospectivo. Nesse contexto, a expansão da infraestrutura digital constitui um dos fatores potencialmente associados à mudança estrutural da economia brasileira e ao adensamento de cadeias de maior valor agregado ao longo do horizonte analisado. Quanto às premissas quantitativas associadas à demanda elétrica de data centers, entende-se que o Relatório Síntese busca apresentar resultados consolidados e estratégicos, compatíveis com sua natureza sintética e orientadora. O aprofundamento metodológico poderá ser desenvolvido em documentos técnicos complementares e estudos futuros elaborados pela EPE, em alinhamento com o MME. Ressalta-se ainda que o PNE 2055, em seus cenários e resultados, já contempla a expansão da oferta de energia elétrica de forma compatível com o crescimento da demanda, incluindo a maior participação de fontes renováveis, a incorporação de soluções de armazenamento e a necessidade de expansão da infraestrutura de transmissão. Cabe destacar, contudo, que, dadas as simplificações inerentes a um estudo de longo prazo com horizonte até 2055, o Plano não detalha demandas ou requisitos específicos de segmentos ou cargas individualizadas, como os data centers, nem explicita soluções localizadas para seu atendimento. Ainda assim, o portfólio de expansão da geração e da infraestrutura elétrica resultante do Plano contempla uma matriz elétrica mais renovável, flexível e capaz de atender, de forma segura e confiável, ao crescimento de cargas com maior exigência de qualidade e continuidade de fornecimento. Adicionalmente, reconhece-se que a evolução da demanda elétrica associada à digitalização constitui tema marcado por elevado grau de incerteza tecnológica, econômica e regulatória, razão pela qual o PNE 2055 adota abordagem prospectiva e flexível, explorando diferentes trajetórias possíveis para o sistema energético nacional sem caráter determinativo. | J95: N | K95: S
A96: 13-01 | B96: International Hydropower Association (IHA) | C96: =INDEX(Instituições!$B:$E,MATCH('Análise das Contribuições'!$B96,Instituições!$B:$B,0),MATCH('Análise das Contribuições'!$C$1,Instituições!$B$1:$XFD$1,0)) -> N | D96: N/A | E96: Armazenamento | F96: N/A | G96: Estudos adicionais sobre a representação de usinas hidrelétricas reversíveis nos modelos utilizados no planejamento energético (em especial o Modelo de Decisão Integrada (MDI) empregado na análise de cenários de longo prazo) poderiam contribuir para capturar de forma mais abrangente os atributos sistêmicos dessa tecnologia, incluindo duração do armazenamento, provisão de potência firme e serviços de suporte ao sistema. | H96: Organizações internacionais como a Agência Internacional de Energia (IEA) e a Agência Internacional de Energias Renováveis (IRENA) têm destacado que a expansão de sistemas elétricos com elevada participação de renováveis requer não apenas novas fontes de geração, mas também infraestruturas dedicadas de flexibilidade e armazenamento de energia de longa duração. A IHA coloca-se à disposição para colaborar tecnicamente com o MME, a EPE e demais instituições do setor no aprofundamento das análises relacionadas ao papel do armazenamento de longa duração e dos sistemas de armazenamento hidráulico no planejamento energético brasileiro. “Sistemas elétricos com alta participação de renováveis precisam não apenas de geração limpa, mas também de flexibilidade limpa.” | I96: Agradecemos a contribuição e o apoio fornecido pela IHA. Embora o PNE 2055 seja um estudo de planejamento de longo prazo, com olhar até 2055, e com foco na evolução das cadeias energéticas e no equilíbrio estrutural entre oferta e demanda de energia, as usinas hidrelétricas reversíveis foram representadas nos exercícios quantitativos de forma compatível com sua função de prover armazenamento e flexibilidade ao sistema elétrico. Os resultados indicam, inclusive, maior aproveitamento dessa tecnologia, especialmente nos cenários de maior ambição climática. Reconhece-se, contudo, que avaliações mais detalhadas sobre atributos específicos das usinas hidrelétricas reversíveis, como duração do armazenamento, contribuição para potência firme, serviços ancilares e demais benefícios sistêmicos, podem contribuir para o contínuo aperfeiçoamento dos modelos e análises de planejamento energético. Nesse sentido, estudos complementares e futuros ciclos de planejamento poderão aprofundar a representação dessas características à medida que evoluam as metodologias e as necessidades analíticas do setor. | J96: N | K96: N
A97: 17-11 | B97: Associação Brasileira para Desenvolvimento de Atividades Nucleares (ABDAN) | C97: =INDEX(Instituições!$B:$E,MATCH('Análise das Contribuições'!$B133,Instituições!$B:$B,0),MATCH('Análise das Contribuições'!$C$1,Instituições!$B$1:$XFD$1,0)) -> S | D97: Comentário geral | E97: Arcabouço legal e regulatório | F97: N/A | G97: Recomenda-se alinhar o PNE com: i) Lei nº 14.514/2022; ii) modernização do licenciamento ambiental para projetos estratégicos; iii) novos modelos de financiamento (PPP, contratos por diferença, etc.). | I97: Agradecemos a contribuição. A visão de longo prazo do PNE 2055 foi apresentada a partir de pilares estratégicos que integram as dimensões energética, social, econômica e ambiental. O pilar estratégico "Políticas públicas, regulação e financiamento para a transição energética" busca integrar e coordenar políticas públicas na direção da transição energética como vetor de desenvolvimento sustentável. Questões como o licenciamento ambiental permeiam esse pilar. Acrescentamos que o plano reconhece a importância das questões relacionadas a financiamento, inclusive apresentando um objetivo estratégico relacionado com a atração de investimentos para o desenvolvimento do sistema energético do futuro, mediante a modernização do arcabouço regulatório e fortalecimento dos mecanismos de financiamento. Sobre a Lei 14.514/2022, cabe ressaltar que o PNE 2055 não é um instrumento determinativo, de modo que as recomendações estratégicas do plano buscam ser base para a construção de caminhos flexíveis de futuro para o país, sem indicação preferencial de rotas, tecnologias ou cadeias específicas, mesmo que estratégias e ações mais específicas possam ser desenhadas a partir dos estudos e resultados do plano. Um exemplo disso são as ações para o horizonte de curto prazo (4 anos) previstas no Plano Nacional de Transição Energética (Plante), coordenado pelo MME. | J97: N | K97: N
A98: 15-04 | B98: Associação Brasileira de Energia Solar Fotovoltaica (ABSOLAR) | C98: =INDEX(Instituições!$B:$E,MATCH('Análise das Contribuições'!$B106,Instituições!$B:$B,0),MATCH('Análise das Contribuições'!$C$1,Instituições!$B$1:$XFD$1,0)) -> S | D98: Página 45 | E98: Armazenamento | F98: A parcela de investimentos em tecnologias emergentes, ainda consideradas como novas na matriz nacional, pode crescer significativamente, chegando a representar patamares entre 10% e 30% do total de investimentos necessários em geração. | G98: A parcela de investimentos em tecnologias emergentes, ainda consideradas como novas na matriz nacional, pode crescer significativamente, chegando a representar patamares entre 10% e 30% do total de investimentos necessários em geração. Em relação ao setor elétrico, destaca-se o papel do armazenamento de energia elétrica, estratégico para a integração de fontes renováveis variáveis, atendimento da ponta, aumento da flexibilidade operativa e soluções aplicáveis a sistemas isolados, remotos e atrás do medidor. | H98: A síntese do PNE 2055 já inclui baterias, inclusive atrás do medidor, entre as tecnologias emergentes consideradas. O reforço textual proposto aponta o armazenamento de energia elétrica como tecnologia fundamental para a continuidade de integração de fontes renováveis, diferimento de investimentos em transmissão/distribuição e aumento da flexibilidade do sistema. É imprescindível que a EPE faça uma avaliação mais aprofundada sobre o potencial de sistemas de armazenamento de energia elétrica de grande porte e de armazenamento no contexto de sistemas elétricos isolados. Existem outras aplicações para a tecnologia junto ao SIN, como a prestação de serviços ancilares e o auxílio na despachabilidade de fontes renováveis com alta variabilidade, que também devem ser analisadas. Para aprofundar a análise sobre o potencial de armazenamento no contexto de sistemas elétricos isolados, o PNE deve realizar análise de holística de benefícios da aplicação de sistemas solares fotovoltaicos associados a sistemas de armazenamento de energia elétrica como opção à instalação de novos sistemas termoelétricos no Norte do Brasil. | I98: Agradecemos a contribuição. O PNE 2055 reconhece a relevância crescente das tecnologias de armazenamento de energia para o futuro do sistema elétrico brasileiro, inclusive considerando sua participação nos exercícios quantitativos realizados no âmbito do plano. Embora o detalhamento da operação do sistema seja simplificado em um estudo de longo prazo, foram representados dois níveis de atendimento da carga do sistema elétrico (ponta e energia), bem como a contribuição das diversas tecnologias para o atendimento dessas necessidades. Nesse contexto, os sistemas de armazenamento desempenham papel importante no gerenciamento dos excedentes de energia, na ampliação da flexibilidade do sistema e na integração de fontes renováveis variáveis. Adicionalmente, os intercâmbios entre as principais regiões do País foram representados e considerados candidatos à expansão, permitindo melhor aproveitamento dos recursos energéticos disponíveis. Entretanto, o texto destacado busca sintetizar os resultados agregados relacionados aos investimentos em tecnologias emergentes, sem conferir destaque a tecnologias específicas. | J98: N | K98: N
A99: 23-02 | B99: Associação Brasileira de Energia Eólica (ABEEólica) | C99: =INDEX(Instituições!$B:$E,MATCH('Análise das Contribuições'!$B163,Instituições!$B:$B,0),MATCH('Análise das Contribuições'!$C$1,Instituições!$B$1:$XFD$1,0)) -> N | D99: Flexibilidade do Sistema | E99: Armazenamento | F99: Inserção de sistemas de armazenamento associada à expansão da transmissão e aumento da flexibilidade operativa do sistema. | G99: Os sistemas de armazenamento devem ser reconhecidos como recurso estruturante do sistema elétrico, incluindo sua consideração como alternativa competitiva à expansão de geração térmica e de transmissão. | H99: O texto atual trata o armazenamento como complementar, não capturando seu potencial sistêmico. | I99: Agradecemos a contribuição. Os resultados e simulações do PNE 2055 apontam para a necessidade de uma combinação diversificada de soluções para o atendimento seguro e eficiente do sistema elétrico, na qual diferentes recursos atuam de forma complementar, e não necessariamente substitutiva, como sugerido na proposta. Os sistemas de armazenamento desempenham papel relevante ao contribuir para a gestão dos excedentes de geração, a otimização do uso da infraestrutura existente e o aumento da flexibilidade operativa do sistema. Por essa razão, figuram entre as tecnologias que ganham relevância nos cenários de maior eletrificação e ambição climática. Entretanto, o armazenamento não elimina a necessidade de expansão da transmissão, da capacidade de geração ou de outros recursos de flexibilidade. Diante do crescimento projetado da demanda e da evolução da matriz elétrica, será necessária a ampliação da infraestrutura energética em diferentes frentes, incluindo redes de transmissão, sistemas de armazenamento e fontes capazes de atender aos requisitos de energia e potência do sistema. Dessa forma, entende-se que armazenamento, transmissão e demais recursos de flexibilidade devem ser considerados como soluções complementares, que atuam conjuntamente para aumentar a eficiência, a resiliência e a segurança do suprimento. | J99: N | K99: N
A100: 23-04 | B100: Associação Brasileira de Energia Eólica (ABEEólica) | C100: =INDEX(Instituições!$B:$E,MATCH('Análise das Contribuições'!$B165,Instituições!$B:$B,0),MATCH('Análise das Contribuições'!$C$1,Instituições!$B$1:$XFD$1,0)) -> S | D100: N/A | E100: Armazenamento | F100: Os cenários representam diferentes futuros possíveis para o sistema energético. | G100: Os cenários devem incluir explicitamente o papel do armazenamento e comparar sua adoção com a expansão térmica, considerando o custo sistêmico total. | I100: Agradecemos a contribuição. Os exercícios quantitativos do PNE 2055 foram realizados por meio de uma modelagem integrada das cadeias energéticas, permitindo capturar os efeitos sistêmicos associados às diferentes alternativas tecnológicas e energéticas, não apenas no setor elétrico. Nesse contexto, além das distintas trajetórias de custos consideradas em cada cenário, foram avaliados diferentes níveis de adoção de sistemas de armazenamento de energia, bem como de outros recursos capazes de contribuir para o atendimento dos requisitos de energia e potência do sistema. Os sistemas de armazenamento foram representados na modelagem de acordo com suas características operativas, desempenhando papel relevante no gerenciamento dos excedentes de geração das fontes renováveis variáveis, especialmente eólica e solar fotovoltaica. Dessa forma, a comparação entre diferentes soluções para o atendimento das necessidades do sistema, incluindo armazenamento e expansão da oferta de geração, já está refletida nos resultados obtidos para cada cenário. | J100: N | K100: N
A101: 16-03 | B101: Associação Brasileira do Biogás e do Biometano (Abiogás) | C101: =INDEX(Instituições!$B:$E,MATCH('Análise das Contribuições'!$B121,Instituições!$B:$B,0),MATCH('Análise das Contribuições'!$C$1,Instituições!$B$1:$XFD$1,0)) -> S | D101: Página 41 | E101: Biocombustíveis | F101: O gás natural e o biometano têm um papel relevante na transição energética brasileira com um crescimento de 2,5 a 3,5 vezes em relação a 2025. O biometano se destaca com seu alto potencial de inserção, sendo uma alternativa importante para a gradual redução de combustíveis fósseis e para o atendimento às metas climáticas. O compartilhamento de infraestruturas de transporte e distribuição permite a inserção do gás renovável na malha e atendimento de novos mercados. | G101: O gás natural e o biometano têm papel relevante na transição energética brasileira, com expectativa de crescimento de 2,5 a 3,5 vezes em relação a 2025. “Nesse contexto, o biometano se destaca por seu alto potencial ao promover dupla descarbonização: além de substituir combustíveis fósseis em diferentes usos energéticos, sua produção aproveita o metano gerado na decomposição de resíduos orgânicos, evitando emissões que ocorreriam naturalmente. Esse atributo o posiciona como um gás renovável prioritário na transição energética. Além disso, sua plena compatibilidade com a infraestrutura existente de transporte e distribuição de gás permite sua inserção na malha e amplia as possibilidades de atendimento a novos mercados.” | H101: O biometano possui características únicas no contexto da transição energética, pois é o único gás capaz de promover dupla descarbonização. Primeiro, ao substituir combustíveis fósseis como diesel, óleo combustível ou gás natural em diferentes aplicações energéticas. Segundo, ao capturar e utilizar o metano gerado na decomposição de resíduos orgânicos, que de outra forma seria liberado diretamente na atmosfera. Esse atributo é particularmente relevante do ponto de vista climático, uma vez que o metano possui um potencial de aquecimento global significativamente superior ao do dióxido de carbono. Assim, ao transformar esse gás em combustível renovável, o biometano contribui simultaneamente para reduzir emissões associadas ao manejo de resíduos e para descarbonizar o consumo energético. Além dos benefícios ambientais, o biometano apresenta elevada compatibilidade com a infraestrutura existente do setor de gás, podendo ser transportado, distribuído e consumido nas mesmas redes e equipamentos já utilizados para o gás natural. Essa característica permite acelerar sua inserção no mercado energético brasileiro, aproveitando ativos já instalados e reduzindo custos de transição. Diante dessas características, a ABiogás entende que o PNE2055 deve explicitar de forma mais clara o papel singular do biometano como gás renovável da transição energética, reconhecendo seu potencial de dupla descarbonização e sua contribuição estratégica para o cumprimento das metas climáticas do Brasil. | I101: Agradecemos a contribuição. Devido ao caráter sintético do documento, entendemos não haver espaço para explicação extensa neste ponto. | J101: N | K101: N
A102: 14-01 | B102: Associação Brasileira do Hidrogênio (ABH2) | C102: =INDEX(Instituições!$B:$E,MATCH('Análise das Contribuições'!$B97,Instituições!$B:$B,0),MATCH('Análise das Contribuições'!$C$1,Instituições!$B$1:$XFD$1,0)) -> N | D102: Página 24 Parágrafo 2 | E102: Consumo final de energia | F102: Nos cenários de maior descarbonização, o crescimento da participação da bioenergia10, do gás natural, do biometano e até mesmo do hidrogênio contribui significativamente para a redução do consumo de combustíveis fósseis | G102: Nos cenários de maior descarbonização, o crescimento das participações da bioenergia10, do gás natural, do biometano e do hidrogênio de baixa emissão de carbono contribui significativamente para a redução das emissões em comparação a um cenário baseado predominantemente em combustíveis fósseis de maior intensidade de emissão e/ou sem abatimento. | H102: Embora o gás natural possa abater emissões ao substituir combustíveis fósseis com maior intensidade de emissões, o mesmo está incluso no grupo de combustíveis fósseis. Por isso, é importante qualificar no final da sentença. | I102: Contribuição aceita parcialmente. O termo "baixa emissão de carbono" foi incorporado ao item. | J102: S | K102: N
A103: 22-08 | B103: Associação Brasileira da Indústria do Hidrogênio Verde (ABIHV) | C103: =INDEX(Instituições!$B:$E,MATCH('Análise das Contribuições'!$B161,Instituições!$B:$B,0),MATCH('Análise das Contribuições'!$C$1,Instituições!$B$1:$XFD$1,0)) -> N | D103: Inclusão de item/escopo | E103: Curtailment | F103: N/A | G103: Tratativa para os cortes de geração renovável (curtailment) frente ao aumento da eletrificação. | I103: Agradecemos a contribuição. Embora o Caderno Síntese do PNE 2055 não apresente uma análise específica sobre curtailment, o tema foi tratado de forma indireta nos exercícios quantitativos do plano. Na modelagem dos cenários, além das diferentes trajetórias de custos consideradas para as tecnologias do setor elétrico, foram avaliados distintos níveis de adoção de sistemas de armazenamento de energia - incluindo baterias, usinas hidrelétricas reversíveis e soluções associadas à micro e minigeração distribuída - com o objetivo de gerenciar excedentes de geração provenientes, principalmente, das fontes eólica e solar fotovoltaica. Adicionalmente, os intercâmbios entre as principais regiões do país foram representados na modelagem e puderam ser expandidos ao longo do horizonte de planejamento, permitindo maior integração entre regiões com excedentes de energia e regiões com maior demanda elétrica. Cabe destacar que o PNE 2055 é um estudo de planejamento energético de longo prazo, não tendo como objetivo principal a avaliação detalhada da operação do sistema elétrico. Nesse contexto, análises mais aprofundadas sobre curtailment e seus impactos podem ser desenvolvidas em estudos complementares elaborados pela EPE, em alinhamento com o MME. | J103: N | K103: N
A104: 16-01 | B104: Associação Brasileira do Biogás e do Biometano (Abiogás) | C104: =INDEX(Instituições!$B:$E,MATCH('Análise das Contribuições'!$B119,Instituições!$B:$B,0),MATCH('Análise das Contribuições'!$C$1,Instituições!$B$1:$XFD$1,0)) -> S | D104: Página 29 | E104: Demanda industrial | F104: O gás natural também pode contribuir para a redução de emissões ao substituir fontes altamente emissoras como o coque de carvão mineral. Seu uso no atendimento do consumo industrial em 2055 pode ser multiplicado em até 2,6 vezes em relação a 2025. | G104: O gás natural também pode contribuir para a redução de emissões ao substituir fontes altamente emissoras, como o coque de carvão mineral. “Nesse contexto, a descarbonização do consumo de gás na indústria pode ser ampliada com a integração crescente de biometano ao sistema de gás, bem como por meio da utilização do Certificado de Garantia de Origem do Biometano (CGOB), permitindo que consumidores industriais comprovem o uso de gás renovável mesmo quando o suprimento ocorre por meio da infraestrutura integrada de gás.” | H104: O biometano desempenha papel central na descarbonização do consumo energético industrial. Diferentemente do gás natural, que permanece sendo um combustível fóssil, o biometano é um gás renovável capaz de reduzir efetivamente as emissões de gases de efeito estufa associadas ao uso energético. Nesse sentido, a simples expansão do consumo de gás natural não é suficiente para conduzir o setor industrial a uma trajetória compatível com as metas climáticas de longo prazo. A descarbonização do uso do gás ocorre de forma efetiva quando há substituição direta por biometano ou quando o consumo de gás natural está associado ao Certificado de Garantia de Origem de Biometano (CGOB), que assegura que uma quantidade equivalente de gás renovável foi produzida e injetada no sistema. Avançar nesse tipo de mecanismo é fundamental para permitir que a indústria utilize a infraestrutura existente de gás enquanto reduz progressivamente sua intensidade de carbono. Dessa forma, o reconhecimento do papel do biometano e dos instrumentos de certificação no planejamento energético contribui para alinhar o setor industrial brasileiro a uma trajetória consistente com os compromissos climáticos do país e com o objetivo de neutralidade de emissões (net zero) até 2050. | I104: Contribuição parcialmente aceita. Foi incluída neste item a menção expressa ao biometano. | J104: S | K104: N
A105: 27-01 | B105: Associação Brasileira das Empresas Distribuidoras de Gás Canalizado (Abegás) | C105: =INDEX(Instituições!$B:$E,MATCH('Análise das Contribuições'!$B236,Instituições!$B:$B,0),MATCH('Análise das Contribuições'!$C$1,Instituições!$B$1:$XFD$1,0)) -> N | D105: Páginas 25 e 29 | E105: Demanda industrial | F105: “Na indústria… gás natural contribui à redução de emissões… eletrificação e biomassa ganham espaço.” ' | G105: Instituir programa nacional de incentivo à substituição de óleo combustível e carvão por gás natural e biometano em indústrias de médio porte, concedendo crédito tributário temporário condicionado à redução de emissões por tonelada de produto e ao atendimento de critérios de eficiência energética, com verificação por Avaliação de Ciclo de Vida | H105: Um instrumento nacional dessa natureza pode acelerar ganhos de eficiência e redução de emissões na indústria, além de preparar o mercado para futura expansão do uso de combustíveis renováveis e misturas com biometano. | I105: Agradecemos a contribuição. O PNE 2055 tem como objetivo explorar cenários e trajetórias de longo prazo para o desenvolvimento do sistema energético brasileiro, servindo de subsídio técnico e estratégico para a formulação e o aperfeiçoamento de políticas públicas, programas e iniciativas voltadas ao setor energético. Nesse contexto, embora a proposta apresentada seja compatível com os objetivos de descarbonização e aumento da eficiência energética no setor industrial, a definição de instrumentos específicos de política pública - como incentivos tributários, programas de apoio setorial ou mecanismos de certificação - não constitui objeto do PNE 2055. Ainda assim, o plano reconhece a importância de instrumentos regulatórios, econômicos e financeiros para viabilizar a transição energética e promover a adoção de tecnologias e fontes energéticas de menor intensidade de carbono. Dessa forma, as análises e recomendações estratégicas do PNE 2055 podem servir de base para o desenho de políticas, programas e iniciativas que venham a endereçar propostas como a apresentada na contribuição. | J105: N | K105: N
A106: 16-02 | B106: Associação Brasileira do Biogás e do Biometano (Abiogás) | C106: =INDEX(Instituições!$B:$E,MATCH('Análise das Contribuições'!$B120,Instituições!$B:$B,0),MATCH('Análise das Contribuições'!$C$1,Instituições!$B$1:$XFD$1,0)) -> S | D106: Página 30 | E106: Descarbonização dos transportes | F106: Renovabilidade da matriz de transportes avança de forma consistente em todos os cenários, podendo alcançar até 85% em 2055. | G106: Considerando que o próprio documento estabelece como objetivo o avanço consistente da renovabilidade da matriz de transportes, com potencial de alcançar até 85% de participação de fontes renováveis até 2055, sugere-se incluir, no capítulo dedicado à descarbonização do setor de transportes, a avaliação de cenários específicos de substituição gradual do diesel por biometano no transporte pesado. Essa análise deve contemplar, especialmente, os segmentos de transporte rodoviário de cargas e transporte coletivo, que representam parcela relevante do consumo de diesel e das emissões associadas ao setor de transportes. A inclusão desses cenários permitiria avaliar de forma mais precisa o papel do biometano como vetor de descarbonização, considerando seu potencial de produção nacional, sua compatibilidade tecnológica com veículos a gás e sua capacidade de reduzir emissões no curto e médio prazo. Adicionalmente, recomenda-se que o plano considere a estruturação de corredores logísticos sustentáveis, com a implantação progressiva de infraestrutura de abastecimento de biometano ao longo de rotas estratégicas de transporte, especialmente em eixos logísticos de grande movimentação de cargas. Essa abordagem pode contribuir para viabilizar a adoção em escala do combustível renovável, fortalecer cadeias regionais de produção de biometano e ampliar a contribuição do setor para o alcance das metas de descarbonização estabelecidas. | H106: O setor de transporte rodoviário de cargas é um dos principais consumidores de diesel no país e, portanto, um dos maiores desafios para a descarbonização da matriz energética. Nesse contexto, o biometano apresenta elevado potencial de contribuição, especialmente em aplicações de transporte pesado, nas quais a eletrificação ainda enfrenta limitações tecnológicas e operacionais. A inclusão de cenários que considerem a substituição gradual do diesel por biometano no transporte pesado permitiria ao planejamento energético refletir de forma mais completa as alternativas disponíveis para a redução de emissões no setor. Além disso, o desenvolvimento de corredores logísticos sustentáveis, com infraestrutura dedicada de abastecimento, pode acelerar a adoção desse combustível renovável, viabilizando rotas de transporte de longa distância com menor intensidade de carbono. A ABiogás entende que a incorporação dessas análises no planejamento contribui para alinhar o PNE 2055 às oportunidades tecnológicas e às políticas públicas já em discussão no país, ampliando o papel dos gases renováveis na descarbonização do setor de transportes. | I106: Agradecemos a contribuição. O PNE 2055 reconhece o potencial do biometano como uma das alternativas para a descarbonização do setor de transportes, especialmente em segmentos de difícil eletrificação, como o transporte rodoviário de cargas. Nesse sentido, os cenários prospectivos do plano já contemplam a ampliação da participação de combustíveis renováveis e de baixo carbono na matriz de transportes, incluindo o biometano entre as possíveis soluções para redução de emissões. Entretanto, o PNE 2055 possui caráter estratégico e orientador, buscando identificar tendências, desafios e oportunidades para o desenvolvimento do sistema energético nacional no longo prazo, sem estabelecer trajetórias preferenciais para tecnologias, combustíveis ou infraestruturas específicas. Assim, avaliações mais detalhadas sobre a substituição de combustíveis em determinados segmentos de transporte, bem como sobre a implantação de corredores logísticos e infraestrutura de abastecimento, podem ser objeto de estudos complementares e de políticas públicas específicas. Cabe destacar, ainda, que a recomendação apresentada encontra aderência às estratégias associadas ao pilar “Energia Competitiva para uma Economia de Baixo Carbono”, especialmente no que se refere à promoção de combustíveis de menor intensidade de carbono, à expansão da infraestrutura energética de baixo carbono e ao fortalecimento de cadeias produtivas relevantes para a transição energética. Dessa forma, entende-se que os princípios que fundamentam a contribuição já se encontram contemplados na abordagem estratégica do PNE 2055. | J106: N | K106: N
A107: 27-02 | B107: Associação Brasileira das Empresas Distribuidoras de Gás Canalizado (Abegás) | C107: =INDEX(Instituições!$B:$E,MATCH('Análise das Contribuições'!$B237,Instituições!$B:$B,0),MATCH('Análise das Contribuições'!$C$1,Instituições!$B$1:$XFD$1,0)) -> N | D107: Página 30 | E107: Descarbonização dos transportes | F107: “biocombustíveis convencionais..., biocombustíveis avançados...” | G107: Estruturar corredores logísticos nacionais com infraestrutura modular de abastecimento de GNV e biometano, priorizando rotas de maior fluxo de transporte de cargas. | H107: Estudos de Avaliação de Ciclo de Vida demonstram o potencial de descarbonização já em setores de maior intensidade energética. O GNV apresenta potencial de redução de emissões de gases de efeito estufa (GEE) de 25% em comparação ao diesel B14. Na adição progressiva de biometano ao gás natural, observa-se alto potencial de descarbonização: na mistura com 15% de biometano, a redução de emissões de GEE chega a 34%. | I107: Agradecemos a contribuição. O PNE 2055 reconhece o potencial do biometano como uma das alternativas para a descarbonização do setor de transportes, especialmente em segmentos de difícil eletrificação, como o transporte rodoviário de cargas. Nesse sentido, os cenários prospectivos do plano já contemplam a ampliação da participação de combustíveis renováveis e de baixo carbono na matriz de transportes, incluindo o biometano entre as possíveis soluções para redução de emissões. Entretanto, o PNE 2055 possui caráter estratégico e orientador, buscando identificar tendências, desafios e oportunidades para o desenvolvimento do sistema energético nacional no longo prazo, sem estabelecer trajetórias preferenciais para tecnologias, combustíveis ou infraestruturas específicas. Assim, avaliações mais detalhadas sobre a implantação de corredores logísticos, infraestrutura de abastecimento e estratégias de substituição de combustíveis em segmentos específicos de transporte extrapolam o escopo do plano, podendo ser objeto de estudos complementares, políticas públicas e instrumentos de planejamento setorial mais específicos, como o Plano Nacional Integrado das Infraestruturas de Gás Natural e Biometano (PNIIGB). Cabe destacar, ainda, que a recomendação apresentada encontra aderência às estratégias associadas ao pilar “Energia Competitiva para uma Economia de Baixo Carbono”, especialmente no que se refere à promoção de combustíveis de menor intensidade de carbono, à expansão da infraestrutura energética de baixo carbono e ao fortalecimento de cadeias produtivas relevantes para a transição energética. Dessa forma, entende-se que os princípios que fundamentam a contribuição já se encontram contemplados na abordagem estratégica do PNE 2055. | J107: N | K107: N
A108: 15-14 | B108: Associação Brasileira de Energia Solar Fotovoltaica (ABSOLAR) | C108: =INDEX(Instituições!$B:$E,MATCH('Análise das Contribuições'!$B116,Instituições!$B:$B,0),MATCH('Análise das Contribuições'!$C$1,Instituições!$B$1:$XFD$1,0)) -> N | D108: Sugestão para ciclos futuros | E108: Detalhamento de informações | F108: N/A | G108: Como sugestão adicional, a ABSOLAR propõe que, nas próximas Consultas Públicas do MME relacionadas ao Plano Nacional de Energia (PNE), o processo inclua a disponibilização do documento integral em vez de restringir-se apenas à minuta do relatório-síntese. Embora o relatório-síntese cumpra o papel de apresentar as principais conclusões e diretrizes, ele não substitui a riqueza de informações, premissas metodológicas, cenários, dados quantitativos e justificativas técnicas presentes no documento completo. Para temas complexos e estruturantes como o planejamento energético de longo prazo, o acesso integral ao conteúdo é essencial para análises consistentes e contribuições de maior qualidade. Além disso, a disponibilização apenas da síntese limita a capacidade dos agentes, especialistas e demais partes interessadas de compreenderem a profundidade das análises que embasam o PNE. A ausência de transparência plena pode restringir o debate público e comprometer a rastreabilidade das decisões estratégicas de longo prazo. A análise detalhada das premissas – incluindo custos, projeções de demanda, critérios de modelagem, riscos e alternativas consideradas – é indispensável para garantir que as contribuições apresentadas pela sociedade sejam tecnicamente fundamentadas e efetivamente úteis ao aprimoramento do planejamento energético nacional. Por fim, disponibilizar o documento integral nas Consultas Públicas demonstra alinhamento às melhores práticas de governança, transparência e participação social, fortalecendo a legitimidade do processo e a confiança na formulação de políticas públicas no setor energético. A adoção dessa medida ampliaria a qualidade das contribuições e permitiria que instituições como a ABSOLAR oferecessem análises mais completas e propositivas, colaborando para um PNE mais robusto, realista e alinhado às necessidades de um sistema energético moderno, sustentável e competitivo. | I108: Agradecemos a contribuição e o retorno apresentado sobre o processo de Consulta Pública. A participação da sociedade é fundamental para o aprimoramento contínuo dos instrumentos de planejamento energético e para o fortalecimento da transparência e da legitimidade do debate público. Cabe destacar que, além da minuta do Relatório Síntese, foram disponibilizados os Cadernos de Cenários Energéticos e de Potencial dos Recursos Energéticos, com o objetivo de ampliar o acesso às premissas, narrativas e análises que fundamentam os resultados do PNE 2055. Adicionalmente, está prevista a disponibilização de uma ferramenta interativa com os principais resultados do plano em maior nível de detalhamento, bem como de estudos e documentos complementares que permitirão aprofundar a compreensão dos cenários, metodologias e resultados do PNE 2055. | J108: N | K108: S
A109: 15-11 | B109: Associação Brasileira de Energia Solar Fotovoltaica (ABSOLAR) | C109: =INDEX(Instituições!$B:$E,MATCH('Análise das Contribuições'!$B113,Instituições!$B:$B,0),MATCH('Análise das Contribuições'!$C$1,Instituições!$B$1:$XFD$1,0)) -> S | D109: Inclusão de item/escopo | E109: Digitalização da economia | F109: N/A | G109: É fundamental que o PNE 2055 destaque o papel crescente dos data centers como elementos críticos da infraestrutura digital e grandes consumidores de energia elétrica, exigindo fornecimento contínuo, seguro e de alta qualidade. A expansão desse setor pode ser atendida de forma sustentável por fontes renováveis, como solar e eólica, desde que acompanhada de investimentos robustos em tecnologias de armazenamento de energia elétrica capazes de garantir estabilidade e confiabilidade diante da variabilidade dessas fontes. A ausência de soluções adequadas de armazenamento de energia elétrica pode comprometer a segurança operativa do sistema e limitar a integração de novos empreendimentos digitais, tornando indispensável o desenvolvimento e a adoção de sistemas inovadores para assegurar que o crescimento da infraestrutura digital seja compatível com os objetivos de eficiência, resiliência e descarbonização do setor elétrico brasileiro. | I109: Agradecemos a contribuição. Reconhece-se a relevância crescente dos data centers e demais infraestruturas digitais como vetores de expansão da demanda elétrica e elementos estratégicos para a transformação digital da economia. No âmbito do PNE 2055, a expansão dessas cargas já é considerada nos cenários prospectivos, estando refletida tanto nas narrativas quanto nos exercícios quantitativos do plano. Da mesma forma, os resultados contemplam a necessidade de expansão da oferta de energia elétrica e da infraestrutura associada para atender ao crescimento da demanda, incluindo maior participação de fontes renováveis, soluções de armazenamento de energia e ampliação da rede de transmissão. Cabe destacar, entretanto, que o PNE 2055 possui caráter estratégico e de longo prazo, não detalhando requisitos específicos de segmentos de consumo ou soluções localizadas para seu atendimento. Ainda assim, os resultados do plano apontam para uma matriz elétrica mais renovável, flexível e resiliente, capaz de suportar a expansão de cargas com elevados requisitos de qualidade e confiabilidade, como os data centers. | J109: N | K109: N
A110: 27-03 | B110: Associação Brasileira das Empresas Distribuidoras de Gás Canalizado (Abegás) | C110: =INDEX(Instituições!$B:$E,MATCH('Análise das Contribuições'!$B238,Instituições!$B:$B,0),MATCH('Análise das Contribuições'!$C$1,Instituições!$B$1:$XFD$1,0)) -> N | D110: Página 32 | E110: Digitalização da economia | F110: “Data centers até 300 TWh em datacenters… Hidrogênio... podendo alcançar 220 TWh” | G110: Orientar a localização de novos data centers e projetos de eletrólise para regiões com disponibilidade comprovada de capacidade de rede e de back-up energético flexível, notadamente gás natural e biometano, exigindo dos empreendedores a contratação de serviços de flexibilidade proporcionais ao impacto da carga no sistema elétrico. | H110: O Programa de Parcerias e Desenvolvimento Produtivo (PPDE) paulista incorpora a exigência de alternativas de flexibilidade e segurança energética como critério de prudência. Recomenda-se que tal abordagem seja replicada nacionalmente, uma vez que a expansão desordenada de grandes cargas (data centers e eletrólise) sem a devida contrapartida em flexibilidade pode comprometer a estabilidade do sistema e a qualidade do serviço. A exigência de localização condicionada à existência de back-up flexível (gás natural/biometano) e à contratação de serviços de flexibilidade compatíveis com o impacto da carga asseguram que os benefícios econômicos desses empreendimentos não se convertam em riscos para a segurança energética, alinhando-se às melhores práticas regulatórias e de planejamento integrado de recursos. | I110: Agradecemos a contribuição. Reconhece-se a relevância da contribuição quanto aos desafios associados à integração de grandes cargas elétricas, como data centers e projetos de eletrólise, bem como à necessidade de expansão coordenada da infraestrutura energética e de soluções de flexibilidade para garantia da segurança e confiabilidade do sistema elétrico. O PNE 2055 considera, em seus cenários prospectivos, a possibilidade de crescimento expressivo dessas cargas ao longo do horizonte analisado, incorporando de forma agregada a necessidade de expansão da oferta de energia, da infraestrutura de transmissão e de recursos de flexibilidade compatíveis com diferentes trajetórias de evolução da demanda elétrica nacional. Entretanto, cabe destacar que o PNE 2055 possui natureza estratégica e orientadora, não se configurando como instrumento determinativo para definição locacional de empreendimentos específicos ou para estabelecimento de obrigações regulatórias associadas à contratação de serviços de flexibilidade. Adicionalmente, aspectos relacionados à localização de projetos dependem de múltiplos fatores além do elétrico, como: técnicos, econômicos, regulatórios, logísticos e de infraestrutura. | J110: N | K110: N
A111: 33-08 | B111: Associação Nacional dos Consumidores de Energia (ANACE) | C111: =INDEX(Instituições!$B:$E,MATCH('Análise das Contribuições'!$B323,Instituições!$B:$B,0),MATCH('Análise das Contribuições'!$C$1,Instituições!$B$1:$XFD$1,0)) -> N | D111: N/A | E111: Eficiência energética | F111: N/A | G111: A ANACE sugere que futuras diretrizes de política energética explicitem metas mais objetivas de eficiência, associadas a instrumentos regulatórios, financeiros e tributários. Na indústria, isso envolve modernização tecnológica, gestão energética, eletrificação eficiente, recuperação de calor e racionalização de processos. Nos transportes, envolve eletrificação, transporte coletivo, logística eficiente e mudança modal. Nas edificações, envolve padrões construtivos, equipamentos eficientes e automação. No consumo residencial, envolve inclusive combate à pobreza energética, substituição de energéticos ineficientes e ampliação do acesso a soluções modernas e acessíveis. | H111: O próprio PNE 2055 demonstra que os ganhos de eficiência energética poderão evitar mais de um quarto do consumo final energético até 2055, com impactos relevantes nos setores industrial, de transportes e edificações. Esse resultado sugere que a eficiência energética deve ser tratada pelo MME como verdadeiro recurso energético prioritário, e não como complementar. (...) A adoção de modalidades tarifárias com melhor sinal horário, conforme proposto no item anterior, reforça essa agenda. Eficiência energética, nesse contexto, não se limita a consumir menos: inclui consumir melhor, em horários mais adequados, com maior produtividade econômica por unidade de energia e com menor custo sistêmico para a coletividade. | I111: Agradecemos a contribuição. Inicialmente, cabe destacar que o PNE 2055 não é um instrumento determinativo. O plano explora distintas trajetórias para um sistema energético descarbonizado como vetor de desenvolvimento sustentável, servindo de subsídio técnico e estratégico para a elaboração e o aperfeiçoamento de políticas, programas e iniciativas do setor energético nacional, em linha com os compromissos assumidos pelo governo brasileiro. Nesse contexto, as recomendações estratégicas do PNE 2055 buscam orientar a construção de caminhos flexíveis para o futuro energético do País, sem indicar tecnologias, instrumentos regulatórios ou políticas específicas, ainda que estratégias e ações mais detalhadas possam ser desenvolvidas a partir de seus resultados, inclusive no âmbito do Plante. De toda forma, a contribuição encontra aderência direta ao pilar “Energia Competitiva para uma Economia de Baixo Carbono”, que estabelece como um de seus objetivos “alavancar a inovação, a digitalização e a eficiência para o sistema energético do futuro”. Entre as recomendações estratégicas associadas a esse pilar, destacam-se a promoção da eficiência energética e da gestão eficiente dos recursos energéticos, bem como o desenvolvimento de arranjos de mercado que forneçam sinais econômicos adequados para estimular decisões de consumo mais eficientes e contribuir para a redução dos custos sistêmicos. Dessa forma, entende-se que os princípios relacionados à ampliação da eficiência energética nos diferentes setores da economia já se encontram contemplados na abordagem estratégica do PNE 2055, em nível compatível com um instrumento de planejamento energético de longo prazo. | J111: N | K111: N
A112: 15-09 | B112: Associação Brasileira de Energia Solar Fotovoltaica (ABSOLAR) | C112: =INDEX(Instituições!$B:$E,MATCH('Análise das Contribuições'!$B111,Instituições!$B:$B,0),MATCH('Análise das Contribuições'!$C$1,Instituições!$B$1:$XFD$1,0)) -> N | D112: Inclusão de item/escopo | E112: Eletrificação | F112: N/A | G112: A inclusão de um tópico sobre Eletrificação da Indústria no PNE 2055 é essencial para orientar a descarbonização profunda e a modernização do setor industrial brasileiro nas próximas décadas. A eletrificação de processos produtivos — especialmente quando associada a fontes renováveis como solar, eólica e biomassa — permite reduzir emissões, aumentar a eficiência energética, diminuir a dependência de combustíveis fósseis e acelerar a adoção de tecnologias avançadas, como calor industrial elétrico de alta temperatura, bombas de calor industriais e eletroquímica aplicada. Projetar essa transição ao longo do horizonte até 2055 possibilita definir metas realistas, identificar necessidades de infraestrutura elétrica, orientar investimentos privados e públicos, evitar gargalos tecnológicos e apoiar a competitividade internacional da indústria brasileira em um cenário global cada vez mais pautado por cadeias produtivas de baixo carbono. | I112: Agradecemos a contribuição. Os exercícios quantitativos do PNE 2055 sinalizam que a eletrificação se apresenta como um dos principais vetores para a descarbonização da demanda energética nacional, com destaque entre as alternativas para redução de emissões no setor industrial. Entretanto, reconhecendo que a descarbonização da indústria envolve um conjunto amplo e diversificado de soluções tecnológicas e estratégias de transição, o PNE 2055 optou por tratar o tema em uma perspectiva mais abrangente, compatível com seu caráter estratégico e de longo prazo. | J112: N | K112: N
A113: 15-12 | B113: Associação Brasileira de Energia Solar Fotovoltaica (ABSOLAR) | C113: =INDEX(Instituições!$B:$E,MATCH('Análise das Contribuições'!$B114,Instituições!$B:$B,0),MATCH('Análise das Contribuições'!$C$1,Instituições!$B$1:$XFD$1,0)) -> S | D113: Inclusão de item/escopo | E113: Eletromobilidade | F113: N/A | G113: A inclusão de um tópico dedicado à eletromobilidade no PNE 2055 é fundamental para preparar o Brasil para a transição acelerada rumo aos veículos elétricos, elemento essencial para a descarbonização do setor de transportes e para a redução da dependência de combustíveis fósseis. A expansão da mobilidade elétrica — associada ao uso crescente de fontes renováveis como solar e eólica — potencializa os benefícios ambientais ao garantir que a eletrificação do transporte seja alimentada por energia limpa, reduzindo emissões, melhorando a qualidade do ar urbano e fortalecendo a segurança energética. Além disso, a eletromobilidade estimula inovação tecnológica, cria novas cadeias produtivas (como baterias, eletrolisadores e infraestrutura de recarga), impulsiona investimentos e amplia a competitividade nacional. Projeções decenais e diretrizes claras no PNE 2055 permitirão planejar a infraestrutura de recarga, orientar políticas públicas e incentivar modelos de negócio sustentáveis, posicionando o Brasil como referência global em mobilidade sustentável e integração inteligente entre eletrificação e energias renováveis. | I113: Agradecemos a contribuição. Os exercícios quantitativos do PNE 2055 sinalizam que a eletrificação constitui um dos principais vetores para a descarbonização do setor de transportes. Entretanto, reconhecendo que essa descarbonização envolve um conjunto amplo e diversificado de soluções tecnológicas e estratégias de transição, o PNE 2055 optou por tratar o tema em uma perspectiva mais abrangente, compatível com seu caráter estratégico e de longo prazo. Nesse contexto, os cenários exploram aspectos relacionados à eficiência energética, à evolução da participação de diferentes modais de transporte e ao fortalecimento da infraestrutura de transporte coletivo, além da própria eletrificação. Aspectos específicos relacionados à mobilidade elétrica, incluindo infraestrutura de recarga, integração com o sistema elétrico, desenvolvimento de cadeias produtivas associadas e possíveis trajetórias de adoção no longo prazo, poderão ser aprofundados em estudos e publicações complementares elaborados pela EPE, em alinhamento com o MME, tendo como base os resultados e diretrizes do PNE 2055. | J113: N | K113: S
A114: 15-10 | B114: Associação Brasileira de Energia Solar Fotovoltaica (ABSOLAR) | C114: =INDEX(Instituições!$B:$E,MATCH('Análise das Contribuições'!$B112,Instituições!$B:$B,0),MATCH('Análise das Contribuições'!$C$1,Instituições!$B$1:$XFD$1,0)) -> S | D114: Inclusão de item/escopo | E114: Emissões | F114: N/A | G114: Recomenda-se que o PNE 2055 incorpore uma análise aprofundada do papel do setor energético no atendimento às novas Contribuições Nacionalmente Determinadas (NDCs) do Brasil no âmbito do Acordo de Paris, garantindo o alinhamento entre metas climáticas nacionais e o planejamento de longo prazo da matriz energética. Tal avaliação é fundamental para orientar a redução sustentada das emissões do setor, identificar oportunidades de expansão das fontes renováveis, ampliar a eficiência energética e direcionar investimentos em inovação tecnológica, assegurando que o país avance de forma coordenada na descarbonização. Ao integrar essa perspectiva estratégica, o PNE 2055 fortalece a capacidade do Brasil de cumprir seus compromissos internacionais, ao mesmo tempo em que promove um sistema energético mais resiliente, competitivo e compatível com as exigências de uma economia global de baixo carbono. | I114: Agradecemos a contribuição, que já se encontra parcialmente contemplada na abordagem metodológica do PNE 2055. O Plano incorpora o alinhamento às metas climáticas nacionais por meio da construção de cenários prospectivos e da utilização, na modelagem integrada, de restrições de emissões de GEE consistentes com compromissos climáticos nacionais e referências técnicas internacionais, incluindo a NDC brasileira, o Plano Clima e estudos do IPCC. Adicionalmente, os resultados do PNE 2055 evidenciam o papel do setor energético no cumprimento das metas climáticas, com significativo potencial de mitigação. Destaca-se, ainda, que o cenário Transição Net Zero 2050 explora uma trajetória compatível com o alcance de emissões líquidas zero no setor energético em 2050, permitindo avaliar desafios, oportunidades e condicionantes associados a esse contexto. | J114: N | K114: N
A115: 33-05 | B115: Associação Nacional dos Consumidores de Energia (ANACE) | C115: =INDEX(Instituições!$B:$E,MATCH('Análise das Contribuições'!$B320,Instituições!$B:$B,0),MATCH('Análise das Contribuições'!$C$1,Instituições!$B$1:$XFD$1,0)) -> S | D115: N/A | E115: Encargos e subsídios | F115: N/A | G115: Como o próprio PNE relaciona a transição energética a desenvolvimento sustentável, transformação estrutural da economia e maior competitividade industrial, entende-se que a racionalização de encargos e subsídios deve ser tratada como elemento fundamental da estratégia setorial de longo prazo. | H115: Uma contribuição central desta nota é que a transição energética brasileira precisa incorporar, de forma mais explícita, o objetivo de redução progressiva de encargos e subsídios setoriais que oneram o custo final da energia e prejudicam a competitividade da economia nacional. A expansão de políticas públicas voltadas a setores específicos não pode se dar, de forma indefinida, por meio da socialização de custos a toda a base de consumidores, sobretudo quando os benefícios são concentrados e os ônus são difusos. Sob a ótica de política pública, a ANACE sugere ao MME que adote como princípio orientador a neutralidade concorrencial e foco. Subsídios que se justifiquem por razões sociais devem ser claramente focalizados nos consumidores vulneráveis. Já incentivos de natureza setorial, tecnológica ou empresarial devem ser excepcionais, transitórios, transparentes, reavaliados periodicamente e, sempre que possível, financiados por instrumentos orçamentários explícitos, e não por encargos embutidos na tarifa ou no preço da energia. A manutenção ou criação de subsídios cruzados tende a produzir distorções relevantes: encarece a energia para setores produtivos, reduz a atratividade industrial do país, fragiliza sinais econômicos corretos e pode incentivar decisões de investimento dissociadas da eficiência sistêmica. Como o próprio PNE relaciona a transição energética a desenvolvimento sustentável, transformação estrutural da economia e maior competitividade industrial, entende-se que a racionalização de encargos e subsídios deve ser tratada como elemento fundamental da estratégia setorial de longo prazo. | I115: Agradecemos a contribuição. As recomendações do PNE 2055 possuem caráter estratégico e orientador, servindo de subsídio tanto para o aprimoramento das políticas energéticas quanto para desdobramentos em instrumentos de planejamento mais detalhados, como o Plano Nacional de Transição Energética (Plante). Nesse contexto, embora o PNE não proponha instrumentos específicos relacionados a encargos, subsídios ou mecanismos tarifários, diversas de suas recomendações estratégicas dialogam com os princípios apresentados na contribuição, especialmente aqueles relacionados à eficiência econômica, à competitividade, à adequada sinalização econômica e à alocação eficiente de custos e riscos no setor energético. Como exemplo, destacam-se as recomendações de: (i) aperfeiçoamento dos critérios de planejamento e dos mecanismos regulatórios e de atração de capital, com foco na resiliência e segurança do sistema, buscando o equilíbrio entre custos e benefícios para a sociedade; (ii) desenvolvimento de arranjos de mercado que forneçam sinais econômicos adequados para que os agentes, incluindo os consumidores, tenham papel relevante na redução dos custos sistêmicos; (iii) desenvolvimento integrado de arranjos de mercado, marcos regulatórios e instrumentos de financiamento que orientem investimentos para uma transição justa e inclusiva; e (iv) alocação eficiente de custos e riscos, com desenho de instrumentos de incentivo, incluindo subsídios, a partir de embasamento técnico-econômico e alinhamento com a transição energética nacional. Dessa forma, entende-se que os princípios de racionalização de custos, eficiência econômica e busca por maior competitividade já se encontram refletidos nas diretrizes estratégicas do PNE 2055, em nível compatível com um instrumento de planejamento energético de longo prazo. | J115: N | K115: N
A116: 33-06 | B116: Associação Nacional dos Consumidores de Energia (ANACE) | C116: =INDEX(Instituições!$B:$E,MATCH('Análise das Contribuições'!$B321,Instituições!$B:$B,0),MATCH('Análise das Contribuições'!$C$1,Instituições!$B$1:$XFD$1,0)) -> S | D116: N/A | E116: Encargos e subsídios | F116: N/A | G116: Outra contribuição essencial é a necessidade de aperfeiçoar o desenho regulatório para assegurar a correta alocação de riscos de negócio, evitando a transferência indevida de custos privados para os consumidores. (...) Nesse contexto, propõe-se que o MME adote como diretriz regulatória o princípio segundo o qual riscos ordinários e previsíveis do negócio energético, inclusive os associados à inserção de novas tecnologias, não devem ser automaticamente convertidos em custos socializados aos consumidores. | H116: Em mercados eficientes, os riscos devem ser suportados, predominantemente, pelos agentes que tomam as decisões de investimento, contratação, localização, tecnologia e estratégia comercial que os geram. (...) O caso do curtailment é ilustrativo. Como regra, o curtailment associado à decisão de implantar geração em determinada região, com determinada tecnologia e determinada exposição às restrições sistêmicas, deve ser tratado predominantemente como risco do negócio de geração, e não como passivo a ser repassado à demanda. (...) Evidentemente, há distinções a serem consideradas entre eventos sistêmicos extraordinários, falhas de coordenação pública, indisponibilidades não razoavelmente antecipáveis e riscos estritamente privados do investidor. Porém, exatamente por isso, o recomendável é que o MME e os órgãos setoriais avancem para uma taxonomia regulatória mais precisa, diferenciando: i) riscos de investimento e localização; ii) riscos de operação sistêmica ordinária; iii) riscos de expansão insuficiente de rede; e iv) eventos excepcionais de natureza sistêmica. A partir dessa diferenciação, eventuais mecanismos de tratamento excepcional poderiam ser delimitados com critérios transparentes, sem converter perdas privadas em obrigação difusa dos consumidores. Essa diretriz é particularmente importante num sistema que, segundo o PNE, tenderá a ter maior inserção de renováveis variáveis, maior descentralização e necessidade crescente de redes flexíveis e resilientes. Quanto mais o sistema evolui nessa direção, mais importante se torna preservar sinais corretos de risco e retorno, de modo que decisões de investimento internalizem seus efeitos econômicos e locacionais. | I116: Agradecemos a contribuição. O PNE 2055 reconhece que a transformação do sistema energético brasileiro, marcada por tendências como eletrificação, descentralização, digitalização e maior participação de fontes renováveis, exigirá contínuos aprimoramentos dos arranjos regulatórios e dos modelos de negócio associados ao setor energético. Nesse contexto, os princípios apresentados na contribuição encontram aderência às recomendações estratégicas do PNE 2055, em especial àquelas relacionadas ao aperfeiçoamento dos marcos regulatórios, ao desenvolvimento de arranjos de mercado que promovam sinais econômicos adequados e à alocação eficiente de custos e riscos, com base em critérios técnico-econômicos e alinhamento com os objetivos da transição energética nacional. Cabe destacar, entretanto, que o PNE 2055 possui caráter estratégico e orientador, não sendo o instrumento adequado para definir tratamentos regulatórios específicos para riscos associados a tecnologias, empreendimentos ou eventos operacionais particulares. O detalhamento de mecanismos regulatórios, critérios de alocação de riscos e eventuais instrumentos de tratamento de situações específicas constitui tema a ser desenvolvido no âmbito da regulação setorial e de instrumentos de planejamento mais detalhados. Dessa forma, entende-se que os princípios que fundamentam a contribuição já se encontram refletidos nas diretrizes estratégicas do PNE 2055, em nível compatível com um estudo de planejamento energético de longo prazo. | J116: N | K116: N
A117: 23-05 | B117: Associação Brasileira de Energia Eólica (ABEEólica) | C117: =INDEX(Instituições!$B:$E,MATCH('Análise das Contribuições'!$B166,Instituições!$B:$B,0),MATCH('Análise das Contribuições'!$C$1,Instituições!$B$1:$XFD$1,0)) -> N | D117: Expansão da Matriz Elétrica (eólica offshore) | E117: Eólicas offshore | F117: Trecho que aborda o papel da eólica offshore na diversificação da matriz elétrica e na expansão das fontes renováveis no longo prazo. | G117: Sugere-se complementar a análise da eólica offshore com avaliação de custos e atributos sistêmicos. Estudos recentes indicam que a tecnologia apresenta atualmente custos superiores aos das fontes renováveis mais maduras, como solar utility-scale e eólica onshore, com LCOE estimado entre US$ 70/MWh e US$ 157/MWh, a depender de premissas como custo de capital, condições de financiamento, profundidade da instalação e fatores de capacidade. Entretanto, a experiência internacional demonstra que reduções de custo tendem a ocorrer de forma significativa à medida que o mercado ganha escala, impulsionadas por ganhos industriais, padronização de equipamentos, evolução tecnológica e maior maturidade da cadeia de suprimentos. Adicionalmente, destaca-se que o custo da eólica offshore é particularmente sensível ao custo de capital, reforçando a importância de um ambiente regulatório estável e de instrumentos de financiamento adequados para viabilizar sua expansão em novos mercados. Quando considerados atributos sistêmicos relevantes — como maior fator de capacidade, complementariedade com a geração solar, maior previsibilidade e proximidade de grandes centros de carga —, a eólica offshore pode desempenhar papel estratégico na expansão da matriz elétrica brasileira e na diversificação das fontes de baixo carbono no longo prazo. | H117: A análise atual tende a focar na comparação de custos diretos, sem considerar a trajetória de redução de custos observada internacionalmente e os atributos sistêmicos da tecnologia. A incorporação desses elementos permite uma avaliação mais adequada do papel da eólica offshore no planejamento de longo prazo, evitando decisões baseadas exclusivamente em custos atuais e capturando seus benefícios estruturais para o sistema elétrico. | I117: Agradecemos a contribuição. O PNE 2055 reconhece o potencial da geração eólica offshore e a possibilidade de que essa tecnologia venha a desempenhar papel relevante na expansão da matriz elétrica brasileira ao longo das próximas décadas, especialmente em cenários de maior ambição climática. Nos exercícios quantitativos do plano, foram utilizadas curvas de custos para as diferentes tecnologias do setor elétrico consistentes com as premissas e narrativas de cada cenário. Dessa forma, aspectos como evolução tecnológica, ganhos de escala, condições de financiamento, custos de capital e metas de redução de emissões são refletidos de maneira diferenciada em cada trajetória prospectiva analisada. Adicionalmente, a modelagem considera os atributos técnicos e operacionais das diferentes tecnologias de geração, de forma que os resultados não decorrem exclusivamente da comparação de custos diretos. Assim, os cenários prospectivos exploram diferentes possibilidades de inserção da eólica offshore, sem pressupor uma trajetória única para sua expansão. Por fim, estudos complementares poderão aprofundar a análise de atributos sistêmicos, evolução de custos e possíveis aplicações da tecnologia no contexto brasileiro. | J117: N | K117: N
A118: 14-06 | B118: Associação Brasileira do Hidrogênio (ABH2) | C118: =INDEX(Instituições!$B:$E,MATCH('Análise das Contribuições'!$B102,Instituições!$B:$B,0),MATCH('Análise das Contribuições'!$C$1,Instituições!$B$1:$XFD$1,0)) -> S | D118: Página 52 | E118: Estratégia | F118: Promoção da bioenergia e da eletrificação (...) | G118: Promoção da bioenergia, do hidrogênio de baixa emissão de carbono e da eletrificação (...) | H118: A existência de múltiplas rotas para produção de hidrogênio de baixa emissão de carbono no Brasil é uma vantagem estratégica na redução de emissões, inclusive pela possibilidade de integração e mistura. Importante ter claro que o hidrogênio de baixa emissão pode ser matériaprima industrial (inclusive para rotas de biocombustíveis), combustível sustentável e vetor energético. | I118: Agradecemos a contribuição. O hidrogênio de baixa emissão de carbono é reconhecido pelo PNE 2055 como um importante vetor energético para a transição energética e como potencial alternativa para a descarbonização de determinados setores de difícil abatimento de emissões. Entretanto, o destaque conferido à bioenergia e à eletrificação nessa recomendação estratégica decorre dos resultados dos cenários quantificados do plano, nos quais essas duas fontes assumem papel central na transformação do sistema energético nacional, podendo alcançar conjuntamente participação próxima a 80% do consumo final de energia em 2055. | J118: N | K118: N
A119: 15-05 | B119: Associação Brasileira de Energia Solar Fotovoltaica (ABSOLAR) | C119: =INDEX(Instituições!$B:$E,MATCH('Análise das Contribuições'!$B107,Instituições!$B:$B,0),MATCH('Análise das Contribuições'!$C$1,Instituições!$B$1:$XFD$1,0)) -> S | D119: Página 50 | E119: Estratégia | F119: ▪ Desenvolvimento e aprimoramento de soluções que promovam flexibilidade do sistema, frente à crescente inserção de fontes renováveis variáveis e às mudanças no perfil da demanda. | G119: ▪Desenvolvimento e aprimoramento de soluções que promovam flexibilidade do sistema, frente à crescente inserção de fontes renováveis variáveis e às mudanças no perfil da demanda, incluindo coordenação entre expansão da geração, transmissão, armazenamento de energia elétrica, resposta da demanda e integração regional, de modo a reduzir restrições operativas e perdas econômicas associadas à energia elétrica renovável não escoada | H119: O PNE 2055 relaciona flexibilidade, transmissão, armazenamento e integração energética regional à segurança energética e à descarbonização. Destacada a ampliação das interligações regionais e a expansão da transmissão como vetores estratégicos para 2055. Ademais, dados operacionais do ONS indicam elevação do corte médio de geração renovável e reforçam a pertinência de explicitar a coordenação entre expansão da oferta renovável e capacidade de escoamento. Figura ABSOLAR 2 da aba "Anexo" A inclusão explícita do curtailment como instrumento de planejamento no PNE 2055 é fundamental diante da expansão acelerada de fontes renováveis variáveis, especialmente na solar fotovoltaica. O curtailment — quando ocorre de forma estruturada, transparente e incorporado a estudos sistêmicos — pode atuar como mecanismo de alívio operacional, reduzindo sobrecargas temporárias e evitando vertimentos não planejados que afetam a viabilidade econômica dos empreendimentos. A literatura internacional já demonstra que, em sistemas com alta penetração renovável, o curtailment econômico tende a crescer de forma natural, mas permanece eficiente quando inserido em cenários projetados de expansão e despacho. Nesse sentido, o PNE deve contemplar projeções mais detalhadas dos níveis potenciais de curtailment, seus impactos tarifários e os efeitos sobre a atratividade de investimentos, permitindo a criação de instrumentos regulatórios que mitiguem riscos e promovam previsibilidade. Além disso, o aumento da flexibilidade do sistema – incluindo expansão da malha de transmissão, resposta da demanda, armazenamento e recursos energéticos distribuídos – é essencial para reduzir a frequência e a intensidade do curtailment. O reforço e a ampliação das linhas de transmissão são particularmente críticos para escoar a geração renovável localizada em regiões de elevado potencial, como o Nordeste, diminuindo congestionamentos e viabilizando o aproveitamento pleno da energia elétrica produzida. A combinação entre melhorias na flexibilidade operativa e os reforços estruturais na transmissão também cria condições para integrar mecanismos de mercado, como produtos de flexibilidade e sinal locacional mais granular, que podem suavizar picos, acomodar a variabilidade renovável e otimizar o despacho. Dessa forma, o PNE 2055 pode avançar no alinhamento entre planejamento energético e as necessidades de um sistema cada vez mais dinâmico, digitalizado e distribuído. | I119: Agradecemos a contribuição. O PNE 2055 reconhece a crescente importância da flexibilidade operativa para um sistema elétrico com maior participação de fontes renováveis variáveis, bem como a relevância de soluções associadas à transmissão, armazenamento de energia, resposta da demanda, recursos energéticos distribuídos e integração regional. Entretanto, a recomendação estratégica apresentada busca manter caráter amplo e abrangente, contemplando diferentes alternativas capazes de contribuir para a flexibilidade do sistema sem detalhar tecnologias, instrumentos ou mecanismos específicos. Nesse sentido, os elementos mencionados na contribuição podem ser entendidos como abrangidos pelo conceito mais amplo de soluções de flexibilidade adotado pelo plano. | J119: N | K119: N
A120: 15-06 | B120: Associação Brasileira de Energia Solar Fotovoltaica (ABSOLAR) | C120: =INDEX(Instituições!$B:$E,MATCH('Análise das Contribuições'!$B108,Instituições!$B:$B,0),MATCH('Análise das Contribuições'!$C$1,Instituições!$B$1:$XFD$1,0)) -> S | D120: Página 54 | E120: Estratégia | F120: Erradicação da pobreza energética, redução das desigualdades e ampliação da capacidade produtiva e competitiva das cadeias relevantes para a Transição Energética no Brasil são desafios que se destacam. | G120: Erradicação da pobreza energética, redução das desigualdades e ampliação da capacidade produtiva e competitiva das cadeias relevantes para a Transição Energética no Brasil — incluindo, entre outras, a cadeia de valor da energia solar fotovoltaica, do armazenamento de energia elétrica, dos inversores, estruturas e demais componentes estratégicos — são desafios que se destacam. | H120: O PNE 2055 associa a transição energética ao fortalecimento de cadeias de valor e à competitividade nacional; a substituição proposta explicita, no texto-síntese, cadeias diretamente vinculadas à expansão recente da matriz elétrica renovável brasileira. A forte expansão da capacidade instalada até 2055 é atribuída, em grande medida, ao crescimento de fontes como solar, eólica e recursos energéticos distribuídos, o que reforça a pertinência de menção expressa às cadeias de valor correspondentes. Figura ABSOLAR 3 da aba "Anexo" | I120: Agradecemos a contribuição. Inicialmente, cabe destacar que o PNE 2055 não é um instrumento determinativo. O plano explora distintas trajetórias para um sistema energético descarbonizado como vetor de desenvolvimento sustentável, servindo de subsídio técnico e estratégico para a elaboração e o aperfeiçoamento de políticas, programas e iniciativas do setor energético nacional, em linha com os compromissos assumidos pelo governo brasileiro. Nesse contexto, as recomendações estratégicas do PNE 2055 buscam orientar a construção de caminhos flexíveis de futuro para o país, sem estabelecer preferência por rotas tecnológicas, fontes energéticas ou cadeias produtivas específicas. Embora as cadeias de valor mencionadas na contribuição sejam relevantes para a transição energética brasileira, o trecho do Caderno Síntese ao qual a proposta se refere (página 54) foi concebido com caráter abrangente e não tecnológico específico. | J120: N | K120: N
A121: 15-07 | B121: Associação Brasileira de Energia Solar Fotovoltaica (ABSOLAR) | C121: =INDEX(Instituições!$B:$E,MATCH('Análise das Contribuições'!$B109,Instituições!$B:$B,0),MATCH('Análise das Contribuições'!$C$1,Instituições!$B$1:$XFD$1,0)) -> S | D121: Páginas 51 e 55 | E121: Estratégia | F121: ▪ Monitoramento dos efeitos socioeconômicos das cadeias energéticas, com foco na redução das desigualdades regionais. | G121: ▪Monitoramento dos efeitos socioeconômicos das cadeias energéticas, com foco na redução das desigualdades regionais, incluindo a mensuração dos efeitos da expansão das diferentes fontes de geração de energia elétrica sobre investimentos, geração de empregos, desenvolvimento regional e inclusão produtiva | H121: O PNE 2055 inclui o monitoramento de efeitos socioeconômicos entre as recomendações estratégicas. Neste contexto, recomenda-se apresentar os efeitos da expansão das diferentes fontes de geração de energia elétrica sobre investimentos, geração de empregos, desenvolvimento regional e inclusão produtiva. Figura ABSOLAR 4 da aba "Anexo" | I121: Agradecemos a contribuição. Cabe destacar que o PNE 2055 possui caráter estratégico e orientador, buscando identificar desafios, oportunidades e diretrizes para o desenvolvimento do sistema energético nacional no longo prazo. Nesse contexto, as recomendações estratégicas foram concebidas de forma abrangente, sem detalhar metodologias, indicadores ou dimensões específicas de monitoramento. A proposta apresentada representa um possível desdobramento da recomendação original, compatível com o objetivo de acompanhamento dos efeitos socioeconômicos das cadeias energéticas. Entretanto, o texto do PNE 2055 busca preservar uma abordagem mais ampla, capaz de contemplar diferentes aspectos relacionados aos impactos econômicos, sociais e regionais da transição energética. | J121: N | K121: N
A122: 17-10 | B122: Associação Brasileira para Desenvolvimento de Atividades Nucleares (ABDAN) | C122: =INDEX(Instituições!$B:$E,MATCH('Análise das Contribuições'!$B132,Instituições!$B:$B,0),MATCH('Análise das Contribuições'!$C$1,Instituições!$B$1:$XFD$1,0)) -> S | D122: Inclusão de item/escopo | E122: Estratégia | F122: N/A | G122: Sugere-se a criação de um eixo dedicado:“Programa Nuclear Brasileiro 2055”, contemplando: i) conclusão e expansão do parque nuclear (Angra e novos sítios); ii) desenvolvimento de SMRs; iii) ciclo do combustível (mineração, conversão, enriquecimento, fabricação); iv) aplicações não elétricas | I122: Agradecemos a contribuição. Inicialmente, cabe destacar que o PNE 2055 não é um instrumento determinativo. O plano explora distintas trajetórias para um sistema energético descarbonizado como vetor de desenvolvimento sustentável, servindo de subsídio técnico estratégico para a elaboração e o aperfeiçoamento de políticas, programas e iniciativas do setor energético nacional, em linha com compromissos assumidos pelo governo brasileiro. Nesse sentido, embora o PNE 2055 não determine rotas, tecnologias ou cadeias produtivas específicas, os cenários e resultados do plano apontam caminhos flexíveis e estratégicos para o futuro do país, oferecendo referências relevantes para orientar ações concretas, investimentos e iniciativas do setor na identificação e no aproveitamento de oportunidades associadas à transição energética e ao desenvolvimento nacional. | J122: N | K122: N
A123: 33-01 | B123: Associação Nacional dos Consumidores de Energia (ANACE) | C123: =INDEX(Instituições!$B:$E,MATCH('Análise das Contribuições'!$B316,Instituições!$B:$B,0),MATCH('Análise das Contribuições'!$C$1,Instituições!$B$1:$XFD$1,0)) -> N | D123: N/A | E123: Estratégia | F123: N/A | G123: Nesse contexto, esta contribuição propõe que o MME avance em cinco direções estruturantes: i) fortalecimento do vínculo entre visão estratégica e execução regulatória; ii) redução progressiva de encargos e subsídios setoriais que oneram o custo final da energia e reduzem a competitividade da economia; iii) correta alocação de riscos econômicos e operacionais, evitando a transferência indevida de riscos privados aos consumidores; iv) modernização tarifária com sinais horários de preços mais fortes, aptos a induzir eficiência e deslocamento de carga; e v) maior centralidade da modicidade tarifária e da competitividade econômica como objetivos explícitos da transição energética. | I123: Agradecemos a contribuição. As direções estruturantes apontadas podem ser entendidas como contempladas nos objetivos e recomendações estratégicas dos pilares do PNE 2055. Em particular, temas relacionados ao fortalecimento da coordenação entre planejamento e regulação, à atração de investimentos, à alocação eficiente de custos e riscos e ao aperfeiçoamento de arranjos de mercado encontram aderência ao pilar “Políticas Públicas, Regulação e Financiamento para a Transição Energética”. Da mesma forma, aspectos relacionados à eficiência econômica, à competitividade e à modicidade dos custos energéticos estão refletidos nos pilares “Segurança e Resiliência do Sistema Energético” e “Energia Competitiva para uma Economia de Baixo Carbono”. Nesse sentido, entende-se que a proposta está alinhada às diretrizes já incorporadas ao PNE 2055, que busca oferecer uma visão estratégica de longo prazo para orientar o aperfeiçoamento de políticas públicas, marcos regulatórios e instrumentos econômicos voltados à transição energética brasileira. | J123: N | K123: N
A124: 33-03 | B124: Associação Nacional dos Consumidores de Energia (ANACE) | C124: =INDEX(Instituições!$B:$E,MATCH('Análise das Contribuições'!$B318,Instituições!$B:$B,0),MATCH('Análise das Contribuições'!$C$1,Instituições!$B$1:$XFD$1,0)) -> S | D124: N/A | E124: Estratégia | F124: N/A | G124: (...) a ANACE sugere que o MME explicite, de forma objetiva, as metas intermediárias do PNE, com indicadores de acompanhamento, prioridades regulatórias e agenda de implementação. Essa diretriz é decisiva para evitar que a visão de longo prazo permaneça excessivamente conceitual. | I124: Agradecemos a contribuição. Cabe destacar que os diversos instrumentos de planejamento energético nacional se complementam, resguardadas as suas especificidades. O PNE 2055 explora distintas trajetórias para um sistema energético descarbonizado como vetor de desenvolvimento sustentável, servindo de subsídio técnico e estratégico para a elaboração e o aperfeiçoamento de políticas, programas e iniciativas do setor energético nacional. Nesse contexto, o desdobramento das diretrizes estratégicas do PNE 2055 em ações operacionais, prioridades de implementação e iniciativas de curto e médio prazo é realizado no âmbito do Plano Nacional de Transição Energética (Plante). Em seu Volume II (Caderno de Ações), o Plante sistematiza ações em mapas do caminho, com detalhamento de iniciativas programadas e propostas para o ciclo de implementação de 2026 a 2029. Dessa forma, entende-se que a proposta de explicitação de metas intermediárias, prioridades e agenda de implementação encontra correspondência mais adequada no âmbito do Plante, instrumento concebido justamente para operacionalizar e acompanhar a implementação das diretrizes estratégicas orientadas pelo PNE 2055. | J124: N | K124: N
A125: 33-04 | B125: Associação Nacional dos Consumidores de Energia (ANACE) | C125: =INDEX(Instituições!$B:$E,MATCH('Análise das Contribuições'!$B319,Instituições!$B:$B,0),MATCH('Análise das Contribuições'!$C$1,Instituições!$B$1:$XFD$1,0)) -> N | D125: Sugestão para ciclos futuros | E125: Estratégia | F125: N/A | G125: Seria recomendável que os ciclos futuros do planejamento passem a incorporar, para cada eixo estratégico, um conjunto mínimo de indicadores de monitoramento, tais como: custo médio final da energia para os diferentes segmentos de consumo, participação dos encargos e subsídios no custo final, grau de flexibilidade sistêmica, intensidade energética da economia, expansão da resposta da demanda, evolução da pobreza energética e indicadores de resiliência climática e elétrica. Tal estrutura reforçaria a governança do planejamento e permitiria ao MME alinhar todos os instrumentos correlatos. | I125: Agradecemos a contribuição. Cabe destacar que os diversos instrumentos de planejamento energético nacional se complementam, resguardadas as suas especificidades. O PNE 2055 explora distintas trajetórias para um sistema energético descarbonizado como vetor de desenvolvimento sustentável, servindo de subsídio técnico e estratégico para a elaboração e o aperfeiçoamento de políticas, programas e iniciativas do setor energético nacional. Nesse contexto, o desdobramento das diretrizes estratégicas do PNE 2055 em ações operacionais, prioridades de implementação e iniciativas de curto e médio prazo é realizado no âmbito do Plano Nacional de Transição Energética (Plante). Em seu Volume II (Caderno de Ações), o Plante sistematiza ações em mapas do caminho, com detalhamento de iniciativas programadas e propostas para o ciclo de implementação de 2026 a 2029. Dessa forma, entende-se que a proposta de explicitação de metas intermediárias, prioridades e agenda de implementação encontra correspondência mais adequada no âmbito do Plante, instrumento concebido justamente para operacionalizar e acompanhar a implementação das diretrizes estratégicas orientadas pelo PNE 2055. | J125: N | K125: N
A126: 17-03 | B126: Associação Brasileira para Desenvolvimento de Atividades Nucleares (ABDAN) | C126: =INDEX(Instituições!$B:$E,MATCH('Análise das Contribuições'!$B125,Instituições!$B:$B,0),MATCH('Análise das Contribuições'!$C$1,Instituições!$B$1:$XFD$1,0)) -> N | D126: Comentário geral | E126: Expansão da matriz elétrica | F126: N/A | G126: PNE 2055 enfatiza a expansão de fontes renováveis variáveis, porém não explicita de forma suficiente: i) o papel da capacidade firme; ii) os custos sistêmicos da intermitência; iii) a necessidade de lastro para a expansão da eletrificação. Nesse contexto, a energia nuclear deve ser considerada como: infraestrutura crítica de estabilidade do sistema elétrico nacional | I126: Agradecemos a contribuição. No PNE 2055, a energia nuclear é uma das tecnologias disponíveis para a geração de energia elétrica. Foram utilizadas premissas de oferta condizentes com o potencial da fonte e maturidade tecnológica no caso dos SMRs, bem como a curva de custo dessas tecnologias ao longo do horizonte de estudo coerentes com a narrativa de cada cenário. A modelagem adotada no PNE considerou níveis distintos da curva de carga para representar os requisitos de energia e potência do sistema elétrico, e a contribuição das tecnologias nos respectivos níveis. Dessa forma, a modelagem contempla o atendimento do balanço oferta e demanda condizente com as necessidades sistêmicas ao longo de todo horizonte do plano nacional e das premissas estabelecidas em cada um dos cenários exploratórios. | J126: N | K126: N
A127: 17-07 | B127: Associação Brasileira para Desenvolvimento de Atividades Nucleares (ABDAN) | C127: =INDEX(Instituições!$B:$E,MATCH('Análise das Contribuições'!$B129,Instituições!$B:$B,0),MATCH('Análise das Contribuições'!$C$1,Instituições!$B$1:$XFD$1,0)) -> S | D127: N/A | E127: Expansão da matriz elétrica | F127: N/A | G127: Sugere-se incorporar explicitamente nos modelos de cenarização: i) níveis distintos de expansão nuclear (baixo, moderado, elevado); ii) impacto sistêmico da geração firme. | I127: Agradecemos a contribuição. No PNE 2055, a energia nuclear é uma das tecnologias disponíveis para a geração de energia elétrica. Foram utilizadas premissas de oferta condizentes com o potencial da fonte e maturidade tecnológica no caso dos SMRs, bem como a curva de custo dessas tecnologias ao longo do horizonte de estudo coerentes com a narrativa de cada cenário. A modelagem adotada no PNE considerou níveis distintos da curva de carga para representar os requisitos de energia e potência do sistema elétrico, e a contribuição das tecnologias nos respectivos níveis. Dessa forma, a modelagem contempla o atendimento do balanço oferta e demanda condizente com as necessidades sistêmicas ao longo de todo horizonte do plano nacional e das premissas estabelecidas em cada um dos cenários exploratórios. | J127: N | K127: N
A128: 17-08 | B128: Associação Brasileira para Desenvolvimento de Atividades Nucleares (ABDAN) | C128: =INDEX(Instituições!$B:$E,MATCH('Análise das Contribuições'!$B130,Instituições!$B:$B,0),MATCH('Análise das Contribuições'!$C$1,Instituições!$B$1:$XFD$1,0)) -> N | D128: N/A | E128: Expansão da matriz elétrica | F128: N/A | G128: Recomenda-se que o PNE estabeleça faixas indicativas de capacidade nuclear, por exemplo:horizonte 2050–2055: expansão para 10–20 GW instalados. | I128: Agradecemos a contribuição. Inicialmente cabe destacar que o PNE 2055 não é um instrumento determinativo. O plano explora distintas trajetórias para um sistema energético descarbonizado como vetor de desenvolvimento sustentável, servindo de subsídio técnico estratégico para a elaboração e o aperfeiçoamento de políticas, programas e iniciativas do setor energético nacional, em linha com compromissos assumidos pelo governo brasileiro. Evidenciamos, por fim, que os resultados indicados no plano devem ser interpretados considerando os respectivos cenários a que se referem. | J128: N | K128: N
A129: 23-03 | B129: Associação Brasileira de Energia Eólica (ABEEólica) | C129: =INDEX(Instituições!$B:$E,MATCH('Análise das Contribuições'!$B164,Instituições!$B:$B,0),MATCH('Análise das Contribuições'!$C$1,Instituições!$B$1:$XFD$1,0)) -> S | D129: N/A | E129: Expansão da matriz elétrica | F129: Desafios e oportunidades para o avanço rumo a um sistema energético descarbonizado. | G129: O plano deve reconhecer explicitamente a flexibilidade como atributo central do sistema energético futuro, incorporando mecanismos para sua valoração e incentivando soluções como armazenamento e resposta da demanda. | H129: A transição energética aumenta a necessidade de flexibilidade sistêmica. | I129: Agradecemos a contribuição. A flexibilidade operativa desempenha papel cada vez mais relevante no sistema energético do futuro, especialmente diante da crescente participação de fontes renováveis variáveis e da maior complexidade associada à operação do sistema. Nesse sentido, cabe destacar que os resultados e simulações do PNE 2055 já apontam para diferentes trajetórias de futuro que contemplam essa necessidade. Independentemente do cenário analisado, o Plano indica a crescente importância de recursos de flexibilidade, tanto do lado da oferta, por meio de diferentes tecnologias de geração e armazenamento, quanto do lado da demanda, incluindo mecanismos de resposta da demanda e outras soluções que contribuam para o equilíbrio entre oferta e consumo de energia. Adicionalmente, o PNE 2055 reconhece a importância da evolução dos arcabouços regulatório, tarifário e de mercado para viabilizar a adequada inserção e valorização desses recursos no sistema energético. Ressalta-se, ainda, que a transformação do setor poderá demandar novos serviços e modelos de negócio, reforçando a necessidade de contínuos aprimoramentos institucionais que promovam eficiência econômica, segurança energética e integração de tecnologias emergentes. | J129: N | K129: N
A130: 33-09 | B130: Associação Nacional dos Consumidores de Energia (ANACE) | C130: =INDEX(Instituições!$B:$E,MATCH('Análise das Contribuições'!$B324,Instituições!$B:$B,0),MATCH('Análise das Contribuições'!$C$1,Instituições!$B$1:$XFD$1,0)) -> S | D130: N/A | E130: Expansão da matriz elétrica | F130: N/A | G130: A ANACE recomenda que o MME trate a flexibilidade sistêmica como eixo estruturante do planejamento de longo prazo. Isso significa ampliar o enfoque do planejamento além da capacidade instalada, incorporando com maior peso os atributos de flexibilidade da oferta, resposta da demanda, armazenamento, transmissão, redes inteligentes, digitalização da medição e instrumentos de coordenação entre expansão e operação. Um sistema fortemente renovável, mas sem sinal econômico adequado e sem instrumentos de flexibilidade, tende a impor custos crescentes e ineficiências relevantes aos consumidores. | H130: As tendências mapeadas pelo PNE 2055 apontam para um sistema com maior participação de renováveis variáveis, maior descentralização e maior protagonismo do consumidor, ao mesmo tempo em que as incertezas do estudo reconhecem a necessidade de infraestrutura e redes flexíveis e resilientes. | I130: Agradecemos a contribuição. Independentemente do montante de capacidade instalada indicado em cada uma das trajetórias exploradas pelo PNE 2055, o plano identifica tendências estruturais para o sistema energético nacional, como a maior participação de fontes renováveis variáveis, a descentralização, a digitalização, a eletrificação do consumo final e o protagonismo crescente dos consumidores. Nesse contexto, a flexibilidade do sistema energético constitui um elemento relevante nas análises realizadas pelo PNE 2055. Os exercícios quantitativos consideram não apenas a expansão da capacidade instalada, mas também a contribuição das diferentes tecnologias para o atendimento dos requisitos de energia e potência do sistema, bem como o papel de recursos como armazenamento de energia, resposta da demanda, recursos energéticos distribuídos e expansão da infraestrutura de transmissão. Adicionalmente, as recomendações estratégicas do plano contemplam explicitamente o “desenvolvimento e aprimoramento de soluções que promovam a flexibilidade do sistema, frente à crescente inserção de fontes renováveis variáveis e às mudanças no perfil da demanda”, bem como o fortalecimento de arranjos de mercado, modelos de negócio e marcos regulatórios capazes de fornecer sinais econômicos adequados para a evolução do sistema energético. Dessa forma, entende-se que a flexibilidade sistêmica já é tratada pelo PNE 2055 como um dos elementos centrais para a construção de um sistema energético seguro, resiliente, competitivo e alinhado aos desafios da transição energética. | J130: N | K130: N
